 Dungeon Crawl Stone Soup version 0.27.1-37-g7b29ead8ac (console) character file.

Game seed: 10787448523589427520

761608 grimtooth the Metallomancer (level 27, -2/248 HPs)
             Began as a Demigod Fire Elementalist on June 20, 2023.
             Slain by an Orb Guardian (15 damage)
             ... on level 5 of the Realm of Zot on June 30, 2023.
             The game lasted 14:31:33 (137006 turns).

grimtooth the Metallomancer (DgFE)                Turns: 137006, Time: 14:31:36

Health: -2/248     AC: 29    Str: 23 (26) XL:     27
Magic:  49/57      EV:  8    Int: 49 (52) God:
Gold:   7544       SH:  0    Dex: 15 (20) Spells: 16/56 levels left

rFire    + + +     SeeInvis .   b - +7 sceptre of Torment {pain, torment}
rCold    + . .     Faith    .   p - +3 warlock's mirror {reflect}
rNeg     . . .     Spirit   .   I - quicksilver dragon scales of Death's Door {Will+ Dex+3}
rPois    .         Reflect  +   r - +0 helmet of the Skies Above {Drain rC+ Int+3}
rElec    +         Harm     .   Y - +4 cloak of Lifelessness {rF+++ Str+3 Int-2}
rCorr    +         Rampage  .   o - +2 pair of gloves {Dex+3}
Will     +++..     Rnd*Rage +   N - +2 pair of boots {Fly}
Stlth    +.........             L - amulet "Samp" {RegenMP rElec Int+4 Stlth+}
HPRegen  0.51/turn              j - +6 ring of intelligence
MPRegen  0.60/turn              J - ring "Evukkouh" {rElec rCorr MP+9 Int+4 Stlth-, =R}

@: mighty, brilliant, marked, flying, held, hasted, very quick
A: high mp 1, forlorn, berserk 1, weak 1
}: 4/15 runes: decaying, slimy, silver, gossamer
a: no special abilities


You were on level 5 of the Realm of Zot.
You visited 11 branches of the dungeon, and saw 57 of its levels.
You visited the Abyss 1 time.
You also visited: Trove, Ossuary, Ice Cave and Desolation.

You collected 9948 gold pieces.
You spent 2404 gold pieces at shops.

Inventory:

Hand Weapons
 a - a +7 eveningstar of freezing
 b - the +7 sceptre of Torment (weapon) {pain, torment}
   (You found it on level 5 of the Dungeon)

   In the hands of one skilled in necromantic magic, it inflicts extra damage on
   living creatures.
   It occasionally torments all nearby living foes when it strikes in combat.
 g - the +18 lance "Wyrmbane" {slay drac, rPois rF+ rC+ AC+3}
   (You took it off an ironbound preserver on level 3 of the Vaults)

   It inflicts extra damage against dragons and draconians.
   AC:        It affects your AC (+3).
   rF:        It protects you from fire.
   rC:        It protects you from cold.
   rPois:     It protects you from poison.
 i - a +6 eveningstar of holy wrath
Missiles
 F - 16 curare-tipped darts (quivered)
 S - 6 boomerangs
Armour
 o - a +2 pair of gloves of dexterity (worn)
 p - the +3 warlock's mirror (worn) {reflect}
   (You took it off an ironbound convoker in the Desolation of Salt)

   It can block and reflect piercing ranged attacks and magical attacks against
   the wielder's willpower.
 r - the +0 helmet of the Skies Above (worn) {Drain rC+ Int+3}
   (You found it on level 1 of the Spider Nest)

   Int:       It affects your intelligence (+3).
   rC:        It protects you from cold.
   Drain:     It drains your maximum health when unequipped.
 I - the quicksilver dragon scales of Death's Door (worn) {Will+ Dex+3}
   (You found it in the Desolation of Salt)

   Dex:       It affects your dexterity (+3).
   Will:      It increases your willpower.
 N - a +2 pair of boots of flying (worn)
 Y - the +4 cloak of Lifelessness (worn) {rF+++ Str+3 Int-2}
   (You found it on level 1 of the Lair of Beasts)

   Str:       It affects your strength (+3).
   Int:       It affects your intelligence (-2).
   rF:        It renders you almost immune to fire.
Jewellery
 j - a +6 ring of intelligence (left hand)
 s - the ring "Huawk" {Ice rCorr Str+2 Slay+4 SInv}
   (You found it on level 5 of the Pits of Slime)

   [ring of ice]

   It enhances your ice magic.
   Str:       It affects your strength (+2).
   Slay:      It affects your accuracy & damage with ranged weapons and melee
   (+4).
   rF:        It makes you vulnerable to fire.
   rC:        It protects you from cold.
   SInv:      It lets you see invisible.
   rCorr:     It protects you from acid and corrosion.
 t - the amulet "Kehys" {Will+ Regen+ Dex+3}
   (You acquired it on level 3 of the Depths)

   [amulet of regeneration]

   Dex:       It affects your dexterity (+3).
   Regen:     It increases your rate of health regeneration.
   Will:      It increases your willpower.
 B - the ring "Otoucon" {Wiz Fly rElec rC+++ Str-2}
   (You took it off a vault warden on level 5 of the Vaults)

   [ring of wizardry]

   It improves your spell success rate.
   Str:       It affects your strength (-2).
   rC:        It renders you almost immune to cold.
   rElec:     It insulates you from electricity.
   Fly:       It grants you flight.
 C - the ring "Debrajif" {EV+4 Dex+2}
   (You found it in the Desolation of Salt)

   [ring of evasion]

   EV:        It affects your evasion (+4).
   Dex:       It affects your dexterity (+2).
 D - a ring of willpower
 J - the ring "Evukkouh" (right hand) {rElec rCorr MP+9 Int+4 Stlth-, =R}
   (You found it on level 6 of the Dungeon)

   [ring of magical power]

   Int:       It affects your intelligence (+4).
   rElec:     It insulates you from electricity.
   MP:        It affects your magic capacity (+9).
   rCorr:     It protects you from acid and corrosion.
   Stlth:     It makes you less stealthy.
 L - the amulet "Samp" (around neck) {RegenMP rElec Int+4 Stlth+}
   (You found it on level 5 of the Pits of Slime)

   [amulet of magic regeneration]

   It increases your rate of magic regeneration.
   Int:       It affects your intelligence (+4).
   rElec:     It insulates you from electricity.
   Stlth:     It makes you more stealthy.
 Q - a ring of positive energy
 R - a ring of wizardry
Wands
 n - a wand of polymorph (34)
 y - a wand of iceblast (124)
 G - a wand of acid (18)
 H - a wand of mindburst (64)
 K - a wand of digging (24)
 P - a wand of paralysis (23)
 T - a wand of charming (14)
Scrolls
 e - 2 scrolls of blinking
 k - 3 scrolls of summoning
 l - a scroll of silence
 m - 6 scrolls of fog
 u - 7 scrolls of teleportation
 v - 11 scrolls of vulnerability
 O - a scroll of holy word
 U - a scroll of fear
Potions
 d - a potion of haste
 q - 6 potions of ambrosia
 w - 8 potions of might
 x - 5 potions of brilliance
 A - 8 potions of berserk rage
 E - 4 potions of magic
 M - 6 potions of resistance
 V - 11 potions of curing
 W - 5 potions of cancellation
Miscellaneous
 c - a phial of floods
 f - a phantom mirror
 h - a tin of tremorstones (2/2)
 X - a condenser vane
 Z - a box of beasts


   Skills:
 + Level 20.7 Fighting
 - Level 3.0 Short Blades
 - Level 7.5(14.0) Axes
 - Level 15.4(16.0) Maces & Flails
 - Level 11.1(12.0) Polearms
 - Level 15.0 Armour
 - Level 10.1 Dodging
 - Level 1.7 Stealth
 - Level 15.0 Shields
 - Level 15.0 Spellcasting
 - Level 12.0 Conjurations
 - Level 12.0 Necromancy
 - Level 12.0 Translocations
 - Level 15.0 Fire Magic
 - Level 22.0 Earth Magic
 - Level 9.0 Evocations


You had 16 spell levels left.
You knew the following spells:

 Your Spells              Type           Power      Damage    Failure   Level
a - Iron Shot             Conj/Erth      70%        9d13      1%          6
c - Mephitic Cloud        Conj/Pois/Air  85%        N/A       1%          3
f - Fireball              Conj/Fire      65%        3d25      1%          5
g - Bolt of Magma         Conj/Fire/Erth 69%        4d27      1%          5
h - Shatter               Erth           77%        3d56*     10%         9
k - Blink                 Tloc           N/A        N/A       0%          2
v - Borgnjor's Vile Clut  Necr/Erth      70%        N/A       1%          5
z - Manifold Assault      Tloc           100%       N/A       1%          5

Your spell library contained the following spells:

 Spells                   Type           Power      Damage    Failure   Level
 Foxfire                  Conj/Fire      100%       2x1d9     0%          1
 Pain                     Necr           100%       1d9       0%          1
 Sandblast                Erth           100%       2d20      0%          1
 Passwall                 Tmut/Erth      100%       N/A       0%          2
 Sublimation of Blood     Necr           62%        N/A       0%          2
 Conjure Flame            Conj/Fire      100%       6-21      0%          3
 Gell's Gravitas          Tloc           62%        N/A       0%          3
 Lesser Beckoning         Tloc           62%        N/A       0%          3
 Stone Arrow              Conj/Erth      100%       3d13      0%          3
 Teleport Other           Tloc           100%       N/A       0%          3
 Vampiric Draining        Necr           62%        2d14      0%          3
 Beastly Appendage        Tmut           100%       N/A       1%          1
 Corona                   Hex            58%        N/A       1%          1
 Freeze                   Ice            100%       1d11      1%          1
 Shock                    Conj/Air       100%       1d9       1%          1
 Sting                    Tmut/Pois      100%       1d8       1%          1
 Summon Small Mammal      Summ           100%       N/A       1%          1
 Call Imp                 Summ           53%        N/A       1%          2
 Corpse Rot               Necr/Air       N/A        N/A       1%          2
 Ensorcelled Hibernation  Hex/Ice        100%       N/A       1%          2
 Poisonous Vapours        Pois/Air       100%       N/A       1%          2
 Slow                     Hex            53%        N/A       1%          2
 Static Discharge         Conj/Air       97%        N/A       1%          2
 Wereblood                Tmut           53%        N/A       1%          2
 Dazzling Flash           Conj/Hex       100%       N/A       1%          3
 Ignite Poison            Fire/Tmut/Pois 91%        N/A       1%          3
 Inner Flame              Hex/Fire       100%       N/A       1%          3
 Portal Projectile        Hex/Tloc       100%       N/A       1%          3
 Animate Armour           Summ/Erth      100%       N/A       1%          4
 Animate Dead             Necr           62%        N/A       1%          4
 Dispel Undead            Necr           100%       3d31      1%          4
 Hailstorm                Conj/Ice       97%        3d19      1%          4
 Leda's Liquefaction      Hex/Erth       60%        N/A       1%          4
 Passage of Golubria      Tloc           N/A        N/A       1%          4
 Petrify                  Tmut/Erth      100%       N/A       1%          4
 Sticky Flame             Conj/Fire      100%       2d11      1%          4
 Agony                    Necr           100%       N/A       1%          5
 Excruciating Wounds      Necr           62%        N/A       1%          5
 Irradiate                Conj/Tmut      48%        3d30      1%          5
 Lightning Bolt           Conj/Air       48%        1d69      1%          5
 Summon Forest            Summ/Tloc      48%        N/A       1%          5
 Death Channel            Necr           62%        N/A       1%          6
 Dispersal                Tloc           62%        N/A       1%          6
 Statue Form              Tmut/Erth      80%        N/A       1%          6
 Call Canine Familiar     Summ           53%        N/A       2%          3
 Confusing Touch          Hex            53%        N/A       2%          3
 Frozen Ramparts          Ice            100%       1d12      2%          3
 Spider Form              Tmut/Pois      26%        N/A       2%          3
 Summon Guardian Golem    Hex/Summ       53%        N/A       2%          3
 Swiftness                Air            53%        N/A       2%          3
 Tukima's Dance           Hex            53%        N/A       2%          3
 Lehudib's Crystal Spear  Conj/Erth      70%        10d16     4%          8
 Airstrike                Air            26%        N/A       8%          4
 Cause Fear               Hex            26%        N/A       8%          4
 Olgreb's Toxic Radiance  Pois           53%        N/A       8%          4
 Summon Ice Beast         Ice/Summ       53%        N/A       8%          4
 Conjure Ball Lightning   Conj/Air       48%        3x3d17    10%         6
 Blade Hands              Tmut           26%        N/A       22%         5
 Metabolic Englaciation   Hex/Ice        26%        N/A       22%         5
 Silence                  Hex/Air        26%        N/A       22%         5
 Summon Mana Viper        Hex/Summ       53%        N/A       22%         5
 Yara's Violent Unravell  Hex/Tmut       26%        3d11      22%         5
 Borgnjor's Revivificati  Necr           62%        N/A       36%         8
 Disjunction              Tloc           62%        N/A       36%         8
 Infestation              Necr           62%        N/A       36%         8
 Haunt                    Necr/Summ      48%        N/A       50%         7
 Malign Gateway           Summ/Tloc      48%        N/A       50%         7
 Eringya's Noxious Bog    Tmut/Pois      26%        N/A       75%         6
 Invisibility             Hex            26%        N/A       75%         6
 Shadow Creatures         Summ           N/A        N/A       75%         6
 Fire Storm               Conj/Fire      65%        8d16      97%         9
 Necromutation            Tmut/Necr      48%        N/A       99%         8
 Death's Door             Necr           62%        N/A       99%         9
 Monstrous Menagerie      Summ           26%        N/A       100%        7
 Storm Form               Tmut/Air       26%        N/A       100%        7
 Summon Hydra             Summ           26%        N/A       100%        7
 Discord                  Hex            26%        N/A       100%        8
 Maxwell's Capacitive Co  Air            26%        ∞         100%        8
 Summon Horrible Things   Summ           26%        N/A       100%        8
 Chain Lightning          Conj/Air       48%        3d64      100%        9


Dungeon Overview and Level Annotations

Branches:
Dungeon (15/15)            Temple (0/1) D:7            Lair (6/6) D:8
  Swamp (4/4) Lair:3       Spider (4/4) Lair:4        Slime (5/5) Lair:5
    Orc (2/2) D:9             Elf (3/3) Orc:2        Vaults (5/5) D:13
  Crypt (3/3) Vaults:2       Tomb (0/3) Crypt:3      Depths (5/5) D:15
    Zot (5/5) Depths:5    Ossuary (visited)           IceCv (visited)
Desolation (visited)

Shops:
D:1 =   D:2 [?   Orc:2 [[!*   Elf:3 :**[

Portals:
Hell: Depths:1 Depths:2 Depths:3 Depths:4 Depths:5
Abyss: Depths:3 Depths:4
Pandemonium: Depths:3
Ziggurat: Depths:4

Annotations:
Vaults:4 vegansnacktivist's ghost, adept DDFi
Depths:5 3 runed translucent doors, Zuwkex's ghost, veteran TrHu
Zot:3 2 transporters
Zot:5 3 runed translucent doors, PostageStamp's ghost, legendary MfIE


Innate Abilities, Weirdness & Mutations

Your attributes grow dramatically as you level up.
You have an increased reservoir of magic. (+10% MP)
You shall have no god before yourself.
You tend to lose your temper in combat.
You are weak. (Str -2)


Message History

Zombie hands grab the Orb Guardian.
The Orb Guardian is unaffected.
Zombie hands grab the Orb Guardian.
The Orb Guardian is unaffected.
Zombie hands grab the Orb Guardian.
The zombie hands constrict the Orb Guardian.
The zombie hands constrict the Orb Guardian, but do no damage.
The zombie hands constrict the Orb Guardian! x3
The Orb Guardian struggles to escape constriction. x2
The Orb Guardian hits you!!
The Orb Guardian struggles to escape constriction.
The Orb Guardian escapes! x2; You block the Orb Guardian's attack.
The Orb Guardian struggles to escape constriction.
You bludgeon the Orb Guardian!!
The Orb Guardian writhes in agony!
The Orb Guardian is heavily wounded.
The zombie hands constrict the Orb Guardian. x2
The zombie hands constrict the Orb Guardian!
The Orb Guardian completely misses you.
The Orb Guardian escapes!
The Orb Guardian closely misses you.
The Orb Guardian escapes!
You feel clever all of a sudden.
The zombie hands constrict the Orb Guardian!!
An orb of fire comes into view.
The Orb Guardian hits you!! The Orb Guardian hits you!
The Orb Guardian hits you but does no damage.
The Orb Guardian hits you! The Orb Guardian drops a net on you.
You become entangled in the net!
You feel yourself speed up.
The zombie hands constrict the Orb Guardian!!
You kill the Orb Guardian!
The electric golem blinks!
The Orb Guardian barely misses you. The Orb Guardian hits you.
The Orb Guardian barely misses you. The Orb Guardian hits you!!
* * * LOW HITPOINT WARNING * * *
You struggle against the net.
The Orb Guardian hits you!!
* * * LOW HITPOINT WARNING * * *
The Orb Guardian hits you but does no damage.
The electric golem blinks!
The Orb Guardian hits you!!
* * * LOW HITPOINT WARNING * * *
The Orb Guardian hits you!
You die...

▓▓............[.......,,,*
▓▓...................,,,*
▓▓..........?)......,,,,
▓▓..................^,,,*
▓▓......^.............,,,*
▓.....................,,,*
▓............*........,,^*
▓▓.......§............,,**
▓▓.....§XXXX.........***
▓▓....XXXX.......▓▓▓*
▓▓...X@##▓▓▓▓▓▓▓▓▓▓▓#
##..............))...###
##........(.)...:.##)...#
##....^....)........###...
#....................###..
#....^...............# ##.
#.......^....(.......# #.
#....)...............# ##
#........^...........# #
#....................# ##
##..........^.......## #.


You could see an orb of fire and 9 Orb Guardians.

Vanquished Creatures
  the Royal Jelly (Slime:5)
  2 dread liches (Vaults:5)
  5 ancient liches
  Mennas (Vaults:3)
  4 orbs of fire
  Mara (Vaults:3)
  A juggernaut (Depths:5)
  Boris (Vaults:5)
  Sojobo (Crypt:1)
  4 Killer Klowns (Zot:5)
  the Lernaean hydra (Swamp:4)
  Saint Roka (Vaults:3)
  Bai Suzhen (Swamp:4)
  Xtahua (Crypt:1)
  2 curse toes
  A caustic shrike (shapeshifter) (Depths:3)
  5 golden dragons
  Jory (Crypt:1)
  Arachne (Spider:3)
  4 bone dragons
  3 electric golems
  Jorgrun (D:15)
  6 liches
  14 tentacled monstrosities
  16 Orb Guardians (Zot:5)
  3 deep elf master archers
  3 titans
  2 deep elf blademasters (Elf:3)
  8 quicksilver dragons
  11 death cobs
  2 Executioners
  2 ancient champions
  11 tentacled starspawn
  Agnes (Elf:2)
  23 acid blobs
  5 sphinxes
  10 shadow dragons
  15 tengu reavers
  Kirke (Swamp:3)
  Roxanne (Spider:4)
  9 draconian monks
  17 storm dragons
  2 revenants (Crypt:1)
  A nagaraja (Abyss:3)
  An azure jelly (shapeshifter) (Depths:3)
  11 rockslimes
  11 deep elf sorcerers
  10 azure jellies
  15 frost giants
  2 fenstrider witches
  13 fire giants
  The ghost of Ladgh the Summoner, a journeyman NaSu of Cheibriados (Spider:3)
  4 emperor scorpions
  24 vault wardens
  5 ghost moths
  11 draconian knights
  4 iron dragons (Depths:3)
  3 deep elf elementalists
  3 draconian scorchers
  4 orc warlords
  Louise (Swamp:3)
  3 balrugs
  24 ironbound preservers
  3 draconian stormcallers
  4 imperial myrmidons (Desolation)
  2 draconian shifters
  Aizul (Spider:4)
  9 quicksilver oozes
  5 draconian annihilators
  5 ghouls
  7 green draconians
  10 war gargoyles
  5 vampire knights
  17 stone giants
  Nessos (D:15)
  An ophan (Abyss:3)
  3 deep elf demonologists
  The ghost of Feguytzu the Basher, a journeyman GrMo of Gozag (Spider:3)
  26 very ugly things
  12 black draconians
  9 dire elephants
  3 bunyips
  9 white draconians
  A spark wasp (shapeshifter) (Vaults:5)
  5 purple draconians
  A halazid warlock (Desolation)
  15 deep elf annihilators
  3 lorocyprocas
  3 entropy weavers
  A dire elephant (shapeshifter) (Vaults:5)
  6 spark wasps
  9 red draconians
  15 yellow draconians
  A green death (Abyss:3)
  7 eleionomae
  7 crystal guardians
  7 deep elf death magi
  14 ettins
  A merfolk impaler (Depths:2)
  2 eidola (Crypt:1)
  3 fire dragons
  2 blizzard demons (Abyss:3)
  A merfolk javelineer (Vaults:4)
  11 great orbs of eyes
  5 ragged hierophants (Desolation)
  8 jiangshi (Crypt:1)
  9 deep elf high priests
  18 yaktaur captains
  6 ice dragons
  42 vault guards
  5 rakshasas
  3 naga warriors
  23 hydras
  5 ogre magi
  6 servants of whispers (Desolation)
  4 ghost crabs
  3 spriggan air magi
  5 boulder beetles
  6 ironbound thunderhulks
  A hell beast (Depths:1)
  18 two-headed ogres
  14 peacekeepers
  2 catoblepae
  10 ironbound frosthearts
  10 centaur warriors
  10 alligators
  Erica (Lair:2)
  2 death yaks
  7 deep troll earth magi
  38 dancing weapons
  A hell hog (Depths:1)
  6 deep troll shamans
  5 tengu warriors
  6 vampire magi
  The ghost of dornbeast the Destroyer, a novice DrCj of Sif Muna (D:9)
  5 spriggan berserkers
  Sonja (Lair:3)
  14 thrashing horrors
  2 ironbound beastmasters
  9 soul eaters
  5 orc high priests
  A shock serpent (shapeshifter) (Depths:3)
  A spectral dire elephant (Lair:6)
  6 hell knights (Crypt:3)
  Nergalle (D:10)
  A fire crab (shapeshifter) (Abyss:4)
  17 deep elf knights
  2 sun demons
  A shadow wraith (Vaults:5)
  22 skeletal warriors
  10 wretched stars
  A sixfirhy (Abyss:3)
  2 spatial maelstroms
  A salamander mystic (Depths:5)
  11 iron trolls
  6 spriggan druids
  5 goliath frogs
  2 glowing orange brains (shapeshifter)
  3 bog bodies
  5 flayed ghosts
  An obsidian statue (Lair:6)
  62 deep trolls
  5 glowing orange brains
  2 lindwurms (Vaults:4)
  A deep troll (shapeshifter) (Abyss:3)
  13 deep elf archers
  34 starcursed masses
  A spectral anaconda (Lair:6)
  8 orc knights
  9 phantasmal warriors
  A sea snake (shapeshifter) (Depths:3)
  14 swamp dragons
  A death drake (Swamp:3)
  9 wizards
  35 deep elf pyromancers
  12 ironbound convokers
  A shadow dragon zombie (Crypt:3)
  18 necromancers
  5 harpies (Vaults:2)
  A lindwurm (shapeshifter) (Depths:5)
  31 deep elf zephyrmancers
  17 orb spiders
  A faun (shapeshifter) (Depths:3)
  An iron dragon zombie (Crypt:1)
  4 will-o-the-wisps
  31 wolf spiders
  A human zombie (Vaults:2)
  5 orc sorcerers
  54 ugly things
  6 manticores
  A shining eye (shapeshifter) (Elf:2)
  2 frost giant zombies
  A manticore (shapeshifter) (Vaults:2)
  An iron dragon skeleton (Crypt:3)
  3 salamanders
  An elephant (shapeshifter) (D:13)
  8 shining eyes
  A spriggan zombie (Depths:5)
  27 moths of wrath
  7 cyclopes
  5 worldbinders
  A moth of wrath (shapeshifter) (D:13)
  4 apocalypse crabs
  An ice statue (IceCv)
  2 dire elephant zombies
  An oklob plant (Lair:6)
  2 water nymphs (shapeshifter)
  A rust devil (Abyss:2)
  15 elephants
  7 black mambas
  6 guardian serpents
  A molten gargoyle (Desolation)
  An eye of devastation (Slime:1)
  20 vault sentinels
  A cane toad (shapeshifter) (D:14)
  13 smoke demons
  10 cane toads
  Maggie (D:5)
  A shock serpent skeleton (Crypt:3)
  5 torpor snails
  A storm dragon simulacrum (Abyss:2)
  An orange demon (Abyss:2)
  2 torpor snails (shapeshifter)
  2 gargoyles
  2 dire elephant skeletons
  A hellion (Abyss:2)
  7 rime drakes
  15 demonic crawlers
  4 anaconda simulacra
  2 efreet (Abyss:3)
  3 tengu conjurers
  49 yaktaurs
  A hellwing (Abyss:3)
  A kobold demonologist (D:11)
  6 freezing wraiths
  13 komodo dragons
  A white draconian skeleton (Crypt:2)
  37 jumping spiders
  2 red devils (Abyss:2)
  3 entropy weaver simulacra (IceCv)
  7 ancient zymes
  12 ice devils (IceCv)
  4 trolls
  18 hornets
  59 saltlings (Desolation)
  3 bloated husks
  8 tyrant leeches
  Grinder (D:4)
  A spectral elephant (Lair:6)
  A wind drake (Abyss:2)
  39 blink frogs
  6 dream sheep (Lair:6)
  A raiju (shapeshifter) (Abyss:3)
  125 slime creatures
  2 ice dragon zombies (Crypt:1)
  A fire dragon skeleton (Crypt:1)
  A fire giant simulacrum (Crypt:1)
  19 raiju
  An ettin zombie (Crypt:1)
  A stone giant simulacrum (Abyss:3)
  2 alligator skeletons
  An ettin skeleton (Crypt:3)
  116 redbacks
  37 flying skulls
  39 tarantellas
  12 water elementals
  A vampire (D:11)
  35 yaks
  8 spriggans
  6 wraiths
  An elf skeleton (Vaults:2)
  A spriggan (shapeshifter) (Vaults:5)
  2 air elementals
  3 wyverns
  18 shadows
  6 ynoxinuls
  A fire bat (shapeshifter) (Depths:3)
  A tarantella (shapeshifter) (Elf:3)
  A dire elephant simulacrum (IceCv)
  A fire bat (Abyss:3)
  6 chaos spawn
  31 large abominations
  A yak (shapeshifter) (Elf:1)
  2 fire elementals
  An elf zombie (Depths:5)
  7 golden eyes
  6 death yak simulacra
  A black mamba skeleton (Crypt:1)
  A steam dragon (D:9)
  3 basilisks
  13 vampire mosquitoes
  7 neqoxecs
  2 spatial vortices
  4 wargs
  Edmund (D:4)
  16 swamp worms
  17 water moccasins
  2 hell hounds (Abyss:2)
  7 swamp drakes
  A floating eye (shapeshifter) (Depths:3)
  A hydra simulacrum (Crypt:1)
  40 orc warriors
  An ice dragon simulacrum (Crypt:1)
  A cane toad skeleton (Abyss:3)
  An ice beast (D:7)
  A manticore zombie (Crypt:3)
  A snapping turtle zombie (Crypt:3)
  2 two-headed ogre skeletons
  4 sky beasts
  A hornet zombie (D:6)
  9 black bears
  An elephant zombie (Lair:6)
  7 necrophages
  22 ogres
  A hog zombie (Crypt:2)
  2 boggarts (Elf:1)
  14 wolves
  18 centaurs
  3 elephant skeletons (Lair:6)
  A snapping turtle skeleton (Crypt:3)
  A kobold brigand (D:5)
  17 small abominations
  11 bullfrogs
  A two-headed ogre simulacrum (IceCv)
  A draconian skeleton (Crypt:2)
  An earth elemental (Elf:3)
  A gnoll sergeant (D:4)
  6 water moccasin zombies
  A komodo dragon skeleton (Crypt:1)
  3 cane toad simulacra (IceCv)
  4 scorpions
  An ogre simulacrum (Vaults:2)
  5 elephant simulacra
  8 killer bees
  16 wights
  4 electric eels
  8 howler monkeys
  A crimson imp (Abyss:2)
  3 quasits
  2 centaur zombies
  3 hounds
  A gnoll shaman (D:7)
  28 orc priests
  2 jellies
  A bullfrog skeleton (D:5)
  2 centaur skeletons
  3 iron imps
  Jessica (D:2)
  5 iguanas
  Natasha (thrice) (D:4)
  22 orc wizards
  A scorpion zombie (Crypt:1)
  7 hell rats (Lair:6)
  3 polar bear simulacra (IceCv)
  A troll simulacrum (Crypt:1)
  5 wolf simulacra (IceCv)
  A killer bee zombie (D:5)
  A felid zombie (Crypt:2)
  2 hound skeletons
  2 mummies (Ossuary)
  2 howler monkey zombies
  An adder (shapeshifter) (Depths:3)
  15 gnolls
  5 adders
  A naga simulacrum (IceCv)
  5 river rats (D:3)
  18 white imps
  7 ufetubi
  5 adder zombies (Ossuary)
  A halfling zombie (Crypt:1)
  2 worm zombies (D:4)
  6 worms
  A dart slug (D:2)
  93 orcs
  13 endoplasms
  4 giant cockroaches
  4 gnoll zombies (Ossuary)
  9 goblins
  10 hobgoblins
  4 jackals (D:2)
  14 kobolds
  5 quokkas
  5 ball pythons
  4 bats
  4 frilled lizards
  A hobgoblin skeleton (Crypt:1)
  5 hobgoblin zombies (Ossuary)
  7 kobold zombies (Ossuary)
  2 orc zombies
  A quokka skeleton (D:4)
  6 rats
  2 lurking horrors (Abyss:3)
  A pillar of salt (Vaults:1)
  2 starspawn tentacles
3021 creatures vanquished.

Vanquished Creatures (collateral kills)
  A lich (Depths:2)
  An ice dragon (Depths:2)
  A deep troll shaman (Depths:4)
  A vampire mage (Depths:4)
  2 spriggan berserkers (Depths:4)
  A deep troll (Depths:4)
  An iron troll (Depths:4)
  A wolf spider (Spider:1)
  5 redbacks
14 creatures vanquished.

Vanquished Creatures (others)
  A tentacled monstrosity (Zot:4)
  A draconian scorcher (Zot:4)
  A draconian stormcaller (Zot:4)
  A draconian shifter (Zot:4)
  A black draconian (Zot:1)
  3 red draconians (Zot:4)
  An ettin (Depths:2)
  A purple draconian (Zot:4)
  A dancing weapon (Crypt:3)
  2 moths of wrath (Zot:4)
  A hornet (Swamp:4)
  A tarantella (Spider:3)
  2 spriggans
  A large abomination (Abyss:3)
  A swamp worm (Swamp:1)
  An orc warrior (Elf:1)
  A jelly (Abyss:3)
  An orc wizard (D:5)
  An orc (Orc:1)
  2 bushes
  1262 foxfires
  83 fungi
  2 lurking horrors
  5 pillars of salt
  99 plants
  23 starspawn tentacles
  39 withered plants
1538 creatures vanquished.

Grand Total: 4573 creatures vanquished

Notes
Turn   | Place    | Note
-------+----------+-------------------------------------------
     0 | D:1      | grimtooth the Demigod Fire Elementalist began the quest for
                  | the Orb.
     0 | D:1      | Reached XP level 1. HP: 14/14 MP: 5/5
    76 | D:1      | Reached skill level 1 in Conjurations
   329 | D:1      | Found Igirr's Jewellery Shoppe.
   393 | D:1      | Reached XP level 2. HP: 20/20 MP: 4/7
  1046 | D:2      | Found Xautap's Armour Boutique.
  1191 | D:2      | Reached XP level 3. HP: 24/26 MP: 4/8
  1693 | D:2      | Reached XP level 4. HP: 33/33 MP: 4/9
  1902 | D:2      | Found Biofesm's Magic Scroll Shop.
  1911 | D:2      | Bought a scroll of identify for 26 gold pieces
  2129 | D:2      | Found Telic's General Store.
  2226 | D:2      | Noticed Jessica
  2231 | D:2      | Killed Jessica
  2755 | D:3      | Reached XP level 5. HP: 38/38 MP: 10/10
  3260 | D:3      | - ooh i hat missing a portal
  3599 | D:3      | Reached XP level 6. HP: 45/45 MP: 11/11
  4029 | D:3      | Learned a level 3 spell: Conjure Flame
  4148 | D:4      | Found a sand-covered staircase.
  4198 | D:4      | Reached skill level 5 in Fire Magic
  4212 | Ossuary  | Entered an ossuary
  4295 | Ossuary  | - well this proves surprisingly tough...
  4956 | Ossuary  | - so many moccasins
  4987 | Ossuary  | Reached skill level 5 in Conjurations
  4999 | Ossuary  | Reached XP level 7. HP: 6/50 MP: 12/12
  5656 | D:4      | Noticed Natasha
  5802 | D:4      | Noticed Grinder
  6053 | D:4      | Found the +5 robe of Night {Dark Will+ SInv}
  6079 | D:4      | Killed Natasha
  6369 | D:4      | Noticed Natasha
  6373 | D:4      | Killed Natasha
  6413 | D:4      | Killed Grinder
  6518 | D:4      | Noticed Edmund
  6537 | D:4      | Noticed Natasha
  6539 | D:4      | Killed Natasha
  6692 | D:5      | Entered Level 5 of the Dungeon
  6825 | D:5      | Reached skill level 1 in Fighting
  6973 | D:5      | Reached skill level 1 in Short Blades
  7069 | D:5      | Found a large runed translucent door.
  7069 | D:5      | Found a large runed translucent door.
  7072 | D:5      | Noticed a komodo dragon
  7074 | D:5      | Found the +7 sceptre of Torment {pain, torment}
  7082 | D:5      | Found a large runed translucent door.
  7082 | D:5      | Found a large runed translucent door.
  7095 | D:5      | Reached XP level 8. HP: 43/62 MP: 15/15
  7398 | D:5      | Learned a level 4 spell: Sticky Flame
  7404 | D:5      | Learned a level 5 spell: Fireball
  8126 | D:5      | Noticed a troll
  8155 | D:5      | Killed a troll
  8156 | D:5      | Reached skill level 5 in Fighting
  8963 | D:6      | Noticed Maggie
  9345 | D:6      | Identified the ring "Evukkouh" {rElec rCorr MP+9 Int+4
                  | Stlth-}
  9347 | D:6      | - well thats pretty scwing
  9416 | D:6      | Reached XP level 9. HP: 40/75 MP: 16/16
 10278 | D:5      | Killed Maggie
 11422 | D:7      | Identified the +5 falchion of the Hidden Ziggurats {flame,
                  | Str+2}
 11509 | D:7      | Found a staircase to the Ecumenical Temple.
 13023 | D:8      | Reached XP level 10. HP: 78/84 MP: 18/18
 13345 | D:8      | Found a staircase to the Lair.
 13739 | D:9      | Found a staircase to the Orcish Mines.
 15115 | D:9      | Found a transporter.
 15117 | D:9      | Noticed dornbeast's ghost (novice DrCj)
 15117 | D:9      | Identified the +4 dire flail of Impatience {distort, Dex+3}
 15117 | D:9      | Noticed a two-headed ogre
 15119 | D:9      | Found a transporter.
 15119 | D:9      | Noticed a two-headed ogre
 15305 | D:4      | Killed Edmund
 15862 | D:2      | Bought a scroll of identify for 26 gold pieces
 15862 | D:2      | Bought a scroll of identify for 26 gold pieces
 15862 | D:2      | Bought a scroll of identify for 26 gold pieces
 16005 | Lair:1   | Entered Level 1 of the Lair of Beasts
 16017 | Lair:1   | - ok this is ridiculous
 16039 | Lair:1   | Reached skill level 5 in Spellcasting
 16349 | Lair:1   | Noticed a black mamba
 17223 | Lair:1   | Killed a black mamba
 17274 | Lair:1   | Noticed a black mamba
 17290 | Lair:1   | Killed a black mamba
 17291 | Lair:1   | Reached XP level 11. HP: 57/97 MP: 24/24
 17621 | Lair:1   | Noticed a five-headed hydra
 18235 | Lair:1   | - well that was spectacularly clumsy
 18905 | Lair:1   | Identified the +4 cloak of Lifelessness {rF+++ Str+3 Int-2}
 19991 | Lair:2   | Reached skill level 5 in Dodging
 20682 | Lair:2   | Reached skill level 1 in Shields
 20737 | Lair:2   | Noticed Erica
 20741 | Lair:2   | Killed Erica
 20964 | Lair:2   | Noticed a seven-headed hydra
 20971 | Lair:2   | Killed a seven-headed hydra
 21503 | Lair:3   | Noticed Sonja
 21507 | Lair:3   | Killed Sonja
 21508 | Lair:3   | Reached skill level 5 in Shields
 21796 | Lair:3   | Reached XP level 12. HP: 63/104 MP: 17/25
 22036 | Lair:3   | Found a staircase to the Swamp.
 22042 | Lair:3   | Reached skill level 1 in Armour
 22939 | Lair:4   | Reached skill level 10 in Fighting
 24152 | Lair:4   | Noticed an eight-headed hydra
 24169 | Lair:4   | Killed an eight-headed hydra
 25376 | Lair:4   | Found a hole to the Spider Nest.
 25708 | Lair:4   | Reached skill level 5 in Armour
 26602 | Lair:4   | - how did the single unharmed one end up next to me
 26881 | Lair:5   | Reached XP level 13. HP: 100/117 MP: 26/26
 26884 | Lair:5   | Found a staircase to the Slime Pits.
 27075 | Lair:5   | Identified the +3 mace of Zufou {venom, rC++ Str+3}
 27465 | Lair:6   | Entered Level 6 of the Lair of Beasts
 30008 | Lair:6   | Noticed a dire elephant
 30008 | Lair:6   | Noticed a dire elephant
 30224 | Lair:6   | Noticed a dire elephant
 30226 | Lair:6   | Noticed a dire elephant
 30666 | Lair:6   | Killed a dire elephant
 32720 | Lair:6   | Killed a dire elephant
 33092 | Lair:6   | Killed a dire elephant
 33179 | Lair:6   | Got Zoar's Incunabulum of the Entourage
 33253 | Lair:6   | Killed a dire elephant
 33254 | Lair:6   | Reached XP level 14. HP: 51/133 MP: 26/29
 33535 | Lair:6   | - so i already have haunt...
 33932 | Orc:1    | Entered Level 1 of the Orcish Mines
 34302 | Orc:2    | Entered Level 2 of the Orcish Mines
 34303 | Orc:2    | - well this is fun
 34503 | Orc:2    | - smells like an ogre-town
 34949 | Orc:1    | - what are you doing up here
 34951 | Orc:1    | - and carrying the staff around pays off!
 34957 | Orc:1    | - uh ok getting out of hand
 35181 | Orc:1    | - now what kind of clown car sitch is this
 35476 | Orc:1    | - so just a bunch of elves hangin out
 35545 | Orc:2    | Found Zacain's Antique Armour Emporium.
 36146 | Orc:2    | Found Maedivvotyc's Antique Armour Shoppe.
 36601 | Orc:2    | Reached skill level 15 in Fighting
 37177 | Orc:2    | Found a staircase to the Elven Halls.
 37704 | Orc:2    | Noticed an orc warlord
 37768 | Orc:2    | Killed an orc warlord
 37769 | Orc:2    | Reached skill level 10 in Spellcasting
 37789 | Orc:2    | - fire resistance no wonder... got to check these things
 38411 | Orc:2    | Found Gaomym's Distillery.
 38626 | Orc:2    | Found Pyabrem's Assorted Antiques.
 38740 | Orc:2    | - not a book to be seen
 38760 | Orc:2    | Bought a scroll of identify for 70 gold pieces
 38760 | Orc:2    | Bought a scroll of identify for 70 gold pieces
 38760 | Orc:2    | Bought a scroll labelled ZEMNYA HILINY for 35 gold pieces
 38760 | Orc:2    | Bought a scroll of identify for 70 gold pieces
 38821 | Orc:2    | Bought a pair of glowing gloves for 202 gold pieces
 38901 | D:10     | Entered Level 10 of the Dungeon
 39257 | D:10     | - what can you be doing here
 39291 | D:10     | Found a portal to a secret trove of treasure.
 39296 | D:10     | - ah
 39668 | D:10     | Noticed Nergalle
 39701 | D:10     | Killed Nergalle
 40116 | D:11     | Found a frozen archway.
 40136 | IceCv    | Entered an ice cave
 41388 | IceCv    | Reached skill level 10 in Conjurations
 41388 | IceCv    | Reached skill level 10 in Fire Magic
 42872 | D:12     | Reached XP level 15. HP: 109/141 MP: 33/33
 44466 | D:13     | Reached skill level 1 in Maces & Flails
 45295 | D:13     | Identified the +1 broad axe of Tusoif {speed, rPois rC+
                  | Dex+3}
 45386 | D:13     | Identified 2 scrolls of acquirement
 45557 | D:13     | Reached skill level 1 in Axes
 46589 | D:13     | Found a gate to the Vaults.
 47300 | D:14     | Reached skill level 5 in Maces & Flails
 47694 | D:14     | Identified the +0 scale mail of Skepticism {rPois}
 48382 | D:15     | Entered Level 15 of the Dungeon
 48414 | D:15     | Found a staircase to the Depths.
 48419 | D:15     | Reached skill level 5 in Axes
 48777 | D:15     | Noticed Jorgrun
 48827 | D:15     | Killed Jorgrun
 49273 | D:15     | Noticed Nessos
 49289 | D:15     | Killed Nessos
 49727 | D:15     | Reached XP level 16. HP: 149/149 MP: 34/35
 50693 | D:2      | Bought a +2 pair of gloves of dexterity for 301 gold pieces
 50893 | Orc:2    | Bought a potion of invisibility for 112 gold pieces
 50893 | Orc:2    | Bought a potion of heal wounds for 70 gold pieces
 51309 | Swamp:1  | Entered Level 1 of the Swamp
 53340 | Swamp:2  | Learned a level 5 spell: Bolt of Magma
 53344 | Swamp:2  | Learned a level 3 spell: Mephitic Cloud
 54198 | Swamp:3  | Noticed Louise
 54209 | Swamp:2  | Reached skill level 10 in Maces & Flails
 54270 | Spider:1 | Entered Level 1 of the Spider Nest
 54349 | Spider:1 | Identified the +0 helmet of the Skies Above {Drain rC+
                  | Int+3}
 58640 | Spider:3 | Identified the +1 ring mail of Ru's Delight {Drain rC+++
                  | Int+5}
 59109 | Spider:3 | Reached XP level 17. HP: 111/156 MP: 36/36
 59321 | Spider:3 | Noticed Arachne
 59340 | Spider:3 | Killed Arachne
 59341 | Spider:3 | Reached skill level 1 in Necromancy
 60686 | Spider:3 | Found a runed translucent gate.
 60686 | Spider:3 | Found a runed translucent gate.
 60733 | Spider:3 | Found a runed translucent gate.
 60738 | Spider:3 | Noticed Feguytzu's ghost (journeyman GrMo)
 60738 | Spider:3 | Noticed Ladgh's ghost (journeyman NaSu)
 60897 | Spider:4 | Entered Level 4 of the Spider Nest
 60897 | Spider:4 | Identified Roxanne's Handbook of the Rocks
 60897 | Spider:4 | Noticed Roxanne
 61212 | Spider:4 | Noticed Aizul
 61226 | Spider:4 | Killed Aizul
 63039 | Spider:4 | Reached skill level 5 in Necromancy
 63568 | Spider:4 | Got a gossamer rune of Zot
 64224 | D:9      | Reached skill level 1 in Evocations
 64229 | D:9      | Killed dornbeast's ghost
 64268 | D:9      | - nice mace o-bag
 64766 | Swamp:3  | Killed Louise
 66027 | Swamp:3  | Identified the +11 falchion of Youthful Indiscretion
                  | {distort, +Blink}
 66129 | Swamp:3  | Noticed Kirke
 66141 | Swamp:3  | Killed Kirke
 66226 | Swamp:4  | Entered Level 4 of the Swamp
 66318 | Swamp:4  | Identified the +4 helmet of the Endless Expanse {Harm rElec
                  | Str-5}
 66541 | Swamp:4  | Noticed Bai Suzhen
 66554 | Swamp:4  | Killed Bai Suzhen
 66579 | Swamp:4  | Reached XP level 18. HP: 103/163 MP: 35/37
 66779 | Swamp:4  | Noticed the 27-headed Lernaean hydra
 67755 | Swamp:4  | Reached skill level 5 in Evocations
 67906 | Swamp:4  | Got a decaying rune of Zot
 67965 | Swamp:4  | Killed the 27-headed Lernaean hydra
 68028 | Swamp:4  | Reached skill level 10 in Armour
 69131 | D:13     | Acquired 908 gold pieces
 69132 | D:13     | Acquired 483 gold pieces
 69397 | Elf:1    | Entered Level 1 of the Elven Halls
 70964 | Elf:1    | Paralysed by an air elemental for 1 turns
 72487 | Elf:2    | Found a huge runed translucent gate.
 72506 | Elf:2    | Found a huge runed translucent gate.
 72516 | Elf:2    | Found a huge runed translucent gate.
 72516 | Elf:2    | Found a huge runed translucent gate.
 72519 | Elf:2    | Found a huge runed translucent gate.
 72972 | Elf:3    | Entered Level 3 of the Elven Halls
 72993 | Elf:3    | Found Fah Tanokh's General Store.
 73001 | Elf:3    | Found Coplu's Antique Armour Boutique.
 73001 | Elf:3    | Found Baxtum's Book Shop.
 73007 | Elf:3    | - yay shops
 73007 | Elf:3    | Found Jipus's Assorted Antiques.
 74244 | Elf:3    | - oh look an alarm
 74299 | Elf:3    | Reached XP level 19. HP: 55/165 MP: 13/38
 74319 | Elf:3    | - ok a little tighter than we would like
 74646 | Elf:3    | - oh for a condenser
 74650 | Elf:3    | - now that is a classic miskey -- q is also ambrosia
 75281 | Elf:3    | Identified the ring of the Battered Quests {Fly rC++ rCorr}
 75313 | Elf:3    | Identified the +3 leather armour of Defence {Harm Slay+3}
 75317 | Elf:3    | Identified the +0 scimitar of Cheese {vorpal, Contam rF+
                  | rN++}
 76310 | Elf:3    | Identified the +2 cloak of Subjectivity {rN+ Str+5}
 76340 | Elf:3    | Identified the +5 hunting sling "Faleylix" {vorpal, Dex+4}
 76389 | Elf:3    | Found the +6 shillelagh "Devastator" {shatter}
 77236 | Elf:3    | Bought the Tome of Dislocation for 224 gold pieces
 77240 | Elf:3    | Learned a level 2 spell: Blink
 77292 | Elf:3    | Reached skill level 1 in Earth Magic
 78046 | Vaults:1 | Entered Level 1 of the Vaults
 78093 | Vaults:1 | Reached skill level 2 in Earth Magic
 78201 | Vaults:1 | Reached skill level 3 in Earth Magic
 78248 | Vaults:1 | Reached skill level 4 in Earth Magic
 78256 | Vaults:1 | Found a crumbling gateway.
 78271 | Desolati | Entered the Desolation of Salt
 79364 | Desolati | Reached skill level 5 in Earth Magic
 79616 | Desolati | Found the necklace of Bloodlust {*Rage +Rage Will++ Int-3
                  | Slay+6}
 79835 | Desolati | Got Sif Muna's Collected Works on Ashen Poison
 79913 | Desolati | Reached skill level 6 in Earth Magic
 80167 | Desolati | Identified the +1 hand axe "Ronkiuq" {flame, rF++}
 80172 | Desolati | Identified the +0 pair of gloves of the Engineer {rCorr
                  | Int+5}
 80180 | Desolati | Identified the ring "Debrajif" {EV+4 Dex+2}
 80242 | Desolati | Identified the ring "Elufred" {Ice rCorr Int+3}
 81135 | Desolati | Identified the +2 chain mail "Ysuhyi Loeq" {Harm Str+4}
 81488 | Desolati | Got Xypt's Almanac of Destructive Evil
 81489 | Desolati | Identified the quicksilver dragon scales of Death's Door
                  | {Will+ Dex+3}
 81800 | Vaults:1 | Reached skill level 7 in Earth Magic
 81864 | Vaults:1 | Reached XP level 20. HP: 116/178 MP: 39/39
 83091 | Vaults:1 | Reached skill level 8 in Earth Magic
 84099 | Vaults:2 | Reached skill level 9 in Earth Magic
 84185 | Vaults:2 | Reached skill level 1 in Translocations
 84470 | Vaults:2 | Found a staircase to the Crypt.
 84928 | Vaults:2 | Reached skill level 10 in Shields
 85122 | Vaults:2 | Reached skill level 10 in Earth Magic
 85743 | Vaults:2 | You are sucked into a shaft and drop 1 floor!
 86122 | Vaults:3 | Noticed Saint Roka
 86144 | Vaults:3 | - aah the smiting
 86145 | Vaults:3 | - ok its a problem
 86154 | Vaults:3 | Killed Saint Roka
 86753 | Vaults:3 | Identified the +11 great sword of the Volcano {drain, rF+
                  | rC+}
 86911 | Vaults:3 | Noticed Mennas
 87088 | Vaults:3 | Noticed Mara
 87089 | Vaults:3 | - gettin crusty in here
 87092 | Vaults:3 | Noticed grimtooth's illusion
 87108 | Vaults:3 | Reached XP level 21. HP: 170/188 MP: 41/41
 88327 | Vaults:4 | Found a runed translucent gate.
 88328 | Vaults:4 | Found a runed translucent gate.
 88328 | Vaults:4 | Found a runed translucent gate.
 88328 | Vaults:4 | Noticed vegansnacktivist's ghost (adept DDFi)
 89773 | Vaults:3 | - its the shield
 90466 | Slime:1  | Entered Level 1 of the Pits of Slime
 90481 | Slime:1  | Gained mutation: You are agile. (Dex +2) [a shining eye]
 91112 | Slime:2  | - I sure meant to use the stair
 92075 | Slime:3  | Gained mutation: You sometimes lose the ability to read
                  | scrolls when taking damage. [a shining eye]
 92077 | Slime:3  | - dangit
 92077 | Slime:3  | - could be a problem
 92094 | Slime:3  | Reached skill level 11 in Earth Magic
 93316 | Slime:5  | Entered Level 5 of the Pits of Slime
 94346 | Slime:5  | Reached skill level 12 in Earth Magic
 94346 | Slime:5  | Reached XP level 22. HP: 202/202 MP: 43/43
 94459 | Slime:5  | Noticed the Royal Jelly
 94537 | Slime:5  | Found the +7 Kryia's mail coat {PotionHeal*2 rC+}
 94809 | Slime:5  | Killed the Royal Jelly
 95184 | Slime:5  | Got a slimy rune of Zot
 95201 | Slime:5  | Identified the ring "Huawk" {Ice rCorr Str+2 Slay+4 SInv}
 95222 | Slime:5  | Identified the +4 scale mail of the Blessed Realm {rCorr}
 95229 | Slime:5  | Identified the amulet "Samp" {RegenMP rElec Int+4 Stlth+}
 95291 | Slime:5  | Identified the +1 pair of boots of Folicint {rF+}
 95347 | Slime:5  | Lost mutation: You are agile. (Dex +2) [potion of mutation]
 95347 | Slime:5  | Lost mutation: You sometimes lose the ability to read
                  | scrolls when taking damage. [potion of mutation]
 95347 | Slime:5  | Gained mutation: You are frail. (-10% HP) [potion of
                  | mutation]
 95348 | Slime:5  | - even enough
 95884 | Depths:1 | Entered Level 1 of the Depths
 96290 | Depths:1 | Learned a level 5 spell: Borgnjor's Vile Clutch
 97375 | Depths:1 | Found a gateway to Hell.
 99589 | Depths:3 | Noticed a caustic shrike
 99601 | Depths:3 | Killed a caustic shrike
 99602 | Depths:3 | Reached skill level 15 in Armour
100016 | Depths:3 | Acquired the amulet "Kehys" {Will+ Regen+ Dex+3}
100276 | Depths:3 | Reached skill level 15 in Shields
100283 | Depths:3 | Reached XP level 23. HP: 185/188 MP: 31/44
100795 | Depths:3 | Found a one-way gate to the infinite horrors of the Abyss.
100796 | Depths:3 | Found a one-way gate leading to the halls of Pandemonium.
101440 | Depths:4 | - well this went sideways
101563 | Depths:4 | - hey i thought i died this game
101563 | Depths:4 | - this message log doe not make sense to me though
101813 | Depths:4 | Found a gateway to a ziggurat.
102408 | Depths:4 | Reached skill level 10 in Necromancy
102943 | Depths:4 | You are sucked into a shaft and drop 1 floor!
102943 | Depths:5 | Entered Level 5 of the Depths
103282 | Depths:4 | Identified the +6 hand axe of Impatience {protect, rF+
                  | rCorr Str+3 Dex-4}
103737 | Depths:4 | - i feel like i should be more invested in hilevel spells
                  | here... can just go in on ManAss
103749 | Depths:5 | Found a runed translucent gate.
103749 | Depths:5 | Found a runed translucent gate.
103749 | Depths:5 | Found a runed translucent gate.
103749 | Depths:5 | Noticed Zuwkex's ghost (veteran TrHu)
104409 | Depths:5 | Noticed a juggernaut
104422 | Depths:5 | Killed a juggernaut
105384 | Depths:5 | Found a gate to the Realm of Zot.
106185 | D:13     | Learned a level 5 spell: Manifold Assault
106452 | Vaults:3 | - here we go
106483 | Vaults:3 | Killed Mennas
107139 | Vaults:3 | - perfect landing
107146 | Vaults:3 | Noticed grimtooth's illusion
107150 | Vaults:3 | Killed Mara
107151 | Vaults:3 | Reached skill level 5 in Translocations
107549 | Vaults:3 | Reached XP level 24. HP: 163/198 MP: 44/44
107708 | Vaults:4 | Identified the +11 scimitar of Qazlal's Favour {venom,
                  | rPois Int+2}
107760 | Vaults:4 | - I feel like another haste or two would be good
107765 | Vaults:5 | Entered Level 5 of the Vaults
107766 | Vaults:5 | - oh this shit again
107766 | Vaults:5 | - all the fun weapons react catastrophically with
                  | paradoxical space
107766 | Vaults:5 | - freezing it is I guess
107770 | Vaults:5 | - maybe i should have done the immolation thing
107856 | Vaults:5 | - ooh not good
108251 | Vaults:4 | - ok that was not well prepared
108702 | D:2      | Bought a scroll of magic mapping for 45 gold pieces
108702 | D:2      | Bought a scroll of magic mapping for 45 gold pieces
108702 | D:2      | Bought a scroll of vulnerability for 97 gold pieces
108890 | Orc:2    | Bought a potion of cancellation for 112 gold pieces
108890 | Orc:2    | Bought a potion of brilliance for 56 gold pieces
108890 | Orc:2    | Bought a potion of might for 56 gold pieces
108918 | Orc:2    | Bought a wand of iceblast (7) for 140 gold pieces
108918 | Orc:2    | Bought a potion of curing for 105 gold pieces
108918 | Orc:2    | Bought a potion of haste for 350 gold pieces
108918 | Orc:2    | Bought a potion of brilliance for 140 gold pieces
109495 | Vaults:5 | Identified the ring "Faoloim" {*Slow rPois rF+ Dex+5}
110199 | Vaults:5 | Noticed a dread lich
110219 | Vaults:5 | Killed a dread lich
110221 | Vaults:5 | Identified the +1 plate armour "Egeim" {Fly}
110597 | Vaults:5 | Noticed an ancient lich
110616 | Vaults:5 | Identified the ring "Otoucon" {Wiz Fly rElec rC+++ Str-2}
110799 | Vaults:5 | Reached skill level 15 in Fire Magic
110930 | Vaults:5 | Identified the ring "Epsuliff" {AC+4 Int+2 Dex+4}
111034 | Vaults:5 | Noticed a dread lich
111044 | Vaults:5 | Killed a dread lich
111063 | Vaults:5 | Noticed Boris
111276 | Vaults:5 | Killed Boris
111277 | Vaults:5 | Reached skill level 15 in Maces & Flails
111277 | Vaults:5 | Reached skill level 10 in Translocations
111460 | Vaults:5 | Reached XP level 25. HP: 174/202 MP: 44/44
111557 | Vaults:5 | Killed an ancient lich
111563 | Vaults:5 | - oh i see shatter
111579 | Vaults:5 | Identified the +9 plate armour of the Monkey's Uncle {Str+3
                  | Int+6}
111751 | Vaults:5 | Got a silver rune of Zot
112107 | Crypt:1  | Entered Level 1 of the Crypt
112817 | Crypt:1  | Noticed Xtahua
112833 | Crypt:1  | Killed Xtahua
112912 | Crypt:1  | Reached skill level 13 in Earth Magic
112985 | Crypt:1  | Noticed Sojobo
112996 | Crypt:1  | Paralysed by an air elemental for 1 turns
113005 | Crypt:1  | Killed Sojobo
113110 | Crypt:1  | Noticed Jory
113111 | Crypt:1  | - ok you make a little more sense
113133 | Crypt:1  | Killed Jory
114823 | Crypt:3  | Entered Level 3 of the Crypt
114928 | Crypt:3  | Reached skill level 14 in Earth Magic
115121 | Crypt:3  | - this is hardly going to get me to earth 20
115833 | Crypt:3  | Found a staircase to the Tomb.
115833 | Crypt:3  | Found the +8 demon trident "Rift" {distort, reach+}
115944 | Crypt:3  | Reached skill level 15 in Earth Magic
116493 | Crypt:3  | Noticed an ancient lich
116507 | Crypt:3  | Killed an ancient lich
116508 | Crypt:3  | Reached skill level 10 in Dodging
116604 | Crypt:3  | Identified the +1 plate armour "Gukuzori" {-Tele Harm rPois
                  | rC+}
116911 | Crypt:3  | - goodness maybe shatter is out of the impossible zone
117369 | D:10     | You paid a toll of 4 scrolls of fear to enter a treasure
                  | trove
117370 | Trove    | Entered a treasure trove
117372 | Trove    | Found the +2 ratskin cloak {*Rats rPois rN+ Str-1 Int-1
                  | Dex+1}
117376 | Trove    | - armour out the ears just what i need
117382 | Trove    | Identified the +1 robe of Incorporation {Drain rC+ Will++
                  | Dex+3}
117383 | Trove    | Identified the +1 helmet of the Sky {rF+}
117387 | Trove    | Identified the +1 ring mail of the Sunfish {-Tele Harm
                  | rElec rPois}
117388 | Trove    | Identified the +4 cloak of Toothy Contentment {rElec
                  | Stlth+}
117392 | Trove    | Identified the +7 chain mail "Ojagebb" {Stlth+}
117394 | Trove    | Identified the +0 helmet "Beruev" {rN+++ rCorr Str-5 Dex-4}
117395 | Trove    | Identified the +0 pair of gloves "Hufeat" {Harm rC+ Will+}
117397 | Trove    | Identified the +1 pair of boots of the Hundredfold Knaves
                  | {Int+2}
117637 | D:13     | Acquired the +6 buckler "Wudicyi" {-Tele Harm rElec Int+5
                  | Stlth+}
117638 | D:13     | Acquired a +3 eveningstar of holy wrath
117639 | D:13     | - interesting buckler though I dont see really using it...
                  | star makes me want the tomb
118019 | Spider:3 | Killed Ladgh's ghost
118029 | Spider:3 | Killed Feguytzu's ghost
118116 | Spider:4 | Killed Roxanne
118122 | Spider:4 | - sandblast my favorite... little earlier would have been
                  | nice
119102 | Elf:2    | Noticed Agnes
119119 | Elf:2    | Killed Agnes
119903 | Vaults:4 | Reached skill level 16 in Earth Magic
120180 | Vaults:4 | - damn whats been happening here
120342 | Vaults:4 | Identified the +1 ring mail "Noefown" {rPois Int+3 Dex-4
                  | Slay+4}
120353 | Vaults:4 | Identified the +3 hat "Riribus" {Harm Fly Stlth-}
120372 | Vaults:4 | - all pretty lame anyway what was i thinking
120589 | D:13     | - i guess this calls for horrible abyss
120805 | Depths:3 | Voluntarily entered the Abyss.
121191 | Abyss:2  | Reached XP level 26. HP: 136/157 MP: 44/44
122210 | Abyss:2  | Reached skill level 17 in Earth Magic
122820 | Abyss:2  | - i dont need out i need down!
123101 | Abyss:3  | - you get all wrapped up in a thing and dont notice whos
                  | actually kickin your ass
123362 | Abyss:3  | Reached skill level 18 in Earth Magic
123811 | Abyss:3  | Identified the amulet of Ixen {Acrobat Str+5 Dex+3}
123931 | Abyss:3  | - goodness i do hate abyss
124566 | Abyss:3  | Reached skill level 19 in Earth Magic
124935 | Abyss:4  | - well i got the drain off anyway
124936 | Depths:3 | Escaped the Abyss
125751 | Vaults:3 | Learned a level 6 spell: Iron Shot
126845 | Zot:1    | Entered Level 1 of the Realm of Zot
126887 | Zot:1    | Reached skill level 1 in Polearms
127069 | Zot:1    | Learned a level 9 spell: Shatter
127685 | Zot:1    | Reached skill level 20 in Earth Magic
128223 | Zot:1    | - gotta watch out for poison
128258 | Zot:1    | Reached skill level 5 in Polearms
129498 | Zot:2    | Reached XP level 27. HP: 196/221 MP: 35/44
130537 | Zot:2    | Reached skill level 10 in Polearms
131179 | Zot:3    | Found a transporter.
131344 | Zot:3    | - simultaneous 12-skill and +18
131773 | Zot:3    | Noticed a dread lich
131795 | Zot:3    | Found a transporter.
132293 | Zot:3    | Noticed an orb of fire
132312 | Zot:3    | Killed an orb of fire
132454 | Zot:3    | Noticed an ancient lich
132655 | Zot:3    | Noticed an orb of fire
132680 | Zot:4    | Noticed an orb of fire
133050 | Zot:4    | Reached skill level 21 in Earth Magic
133151 | Zot:4    | Killed an orb of fire
133989 | Zot:4    | Identified the +1 ring mail "Gunguuq" {rElec SInv}
134099 | Zot:4    | Noticed an orb of fire
134103 | Zot:4    | - hey the sauna!
134349 | Zot:5    | Entered Level 5 of the Realm of Zot
134701 | Zot:5    | Found a runed translucent gate.
134702 | Zot:5    | Found a runed translucent gate.
134708 | Zot:5    | Found a runed translucent gate.
134708 | Zot:5    | Noticed PostageStamp's ghost (legendary MfIE)
135318 | Zot:5    | Noticed an ancient lich
135333 | Zot:5    | Killed an ancient lich
135414 | Zot:5    | Noticed an orb of fire
135414 | Zot:5    | Noticed an orb of fire
135414 | Zot:5    | Gained mutation: You are very frail. (-20% HP) [an orb of
                  | fire]
135429 | Zot:5    | Noticed an ancient lich
135437 | Zot:5    | Killed an ancient lich
135438 | Zot:5    | Reached skill level 22 in Earth Magic
135461 | Zot:5    | Gained mutation: You sometimes lose the ability to read
                  | scrolls when taking damage. [an orb of fire]
135477 | Zot:5    | Killed an orb of fire
135483 | Zot:5    | - that was a little closer than necessary
136234 | D:13     | Lost mutation: You are very frail. (-20% HP) [potion of
                  | mutation]
136234 | D:13     | Lost mutation: You sometimes lose the ability to read
                  | scrolls when taking damage. [potion of mutation]
136234 | D:13     | Lost mutation: You are frail. (-10% HP) [potion of
                  | mutation]
136234 | D:13     | Gained mutation: You tend to lose your temper in combat.
                  | [potion of mutation]
136234 | D:13     | Gained mutation: You are weak. (Str -2) [potion of
                  | mutation]
136235 | D:13     | - hmmm
136759 | Zot:5    | Noticed an orb of fire
136770 | Zot:5    | Killed an orb of fire
136777 | Zot:5    | Reached skill level 15 in Spellcasting
136878 | Zot:5    | Noticed an ancient lich
136887 | Zot:5    | Killed an ancient lich
137004 | Zot:5    | Noticed an orb of fire
137006 | Zot:5    | Slain by an Orb Guardian

Illustrated notes ############.# #.# .§.........†.# ### ############## # # ######## ##....^# ##.....# # ##.....############≈#≈# ##.............#≈rw≈≈≈# ##...(.#########@######### ##.....# #≈≈≈≈≈≈≈≈≈# ##.....# #####≈#≈#≈≈# ##.....# #..≈≈≈≈≈.†.# ##.##### #....≈.....# .#.....# #..........# .#####.# ######..#.## ....##.# ##...# ....##.# #.### .....#.# #.# .....#.# #.# Turn 3260 on D:3: - ooh i hat missing a portal .Z. ##'## #...# #...# #...# #...# #'### #Z..# ### #####...# #?!?!#...#Z..# +!$)?#.∩@ZZZ.# #!???#...#..∩# ### ######### Turn 4295 on Ossuary: - well this proves surprisingly tough... #...#...#....'...#.. ##'################# #...# #.. #...# #.. #...# #.. #...# #.. ##'## ##' #...# #.. #...# #.. #...# #.. #..@# #.. ###+# #'# ZZ# #.. ...# ### #####.. #.ZZ# #?!?!#...#.. #...+ +!$)?#.∩.'.. #.Z.# #!???#...#.. ##### ### ####### Turn 4956 on Ossuary: - so many moccasins ... ... #####>... #...#.... ###.<....... .......#### #. ...#......#.#.###### ##.#...##....[.....# #.......##....<@..# ......#.##........### ###.................# @....................# #....................# ....................# ................[..# ##.[.................. #†..........########### ##n#........## ...#........ Turn 9347 on D:6: - well thats pretty scwing #.. #..# #..## #... #.)#####. ##..<..... #..h...... ##hh####.. #h@# . #..# #..# #..# #... #... Turn 16017 on Lair:1: - ok this is ridiculous P.#######...###.##P##.. ....................... .†.............>.......... ..#.#.#..##...##...##....# ..########..Y####..P# #..# . ..# #...# #..## #..######.. ..# ##..## #..####.....†...( ..### ##...###...##........... ..#.######...###....#.#..###.#... ......Y.....^............# ####.. .............S..@........######.. ..#########..#.##Y.#.#....#..#... ..## #..####.D.###.......... ...# #...# #...# #.......... ..## ##..## #..## #...######. ..# #...# ##..# #...# ## ..### ##..# #...####..## #. ..#.######...###...#.#...# ##. .........................######.# ................................. ...##...#######..######.......... Turn 18235 on Lair:1: - well that was spectacularly clumsy #..... ##..... #...... ####### ##..... ####.##..#### ####..... #...........###.#...... #................)..... #...................... #...................... #...............[...... #.....@Y..YY........... ##.......YYY.Y......#.. #........Y............ ##....#..YY........... #########.#..Y....... ###.......... ####### #.......... #...#.########......... #.........P.###....Y... #............#......... #P...........#........# Turn 26602 on Lair:4: - how did the single unharmed one end up next to me #### ###### ##..# ♣♣##..#.# ##..## ♣#.......## ###P..# ♣..@......## ####.....# ♣...#.#.....# ..##.....# ♣8♣♣####''#''######### ...#.....# : #8..#....8##.≈≈# ..##.....# #...#....†').≈≈≈ ....#....# #.#.####.8#.≈≈≈≈ P.P..##.P# ######'#....####.≈≈≈≈ ...####.## #8.....####....#≈≈≈≈. ...###.#.# #......# ####.###≈.# #...###..# #8.....##♣♣###...#### #P.......###########♣....###..... Turn 33535 on Lair:6: - so i already have haunt... ##### ###...## ##...o..## #...o.o..## ...o...o... ..o..@..... #..o....... ##..o.o..## ##..o..## ##...## ##### Turn 34303 on Orc:2: - well this is fun #####....#.. #...#..#.... #....#...... #.........O. #...)....... #........... ##.......... ###........ #........ ####.......# #..@##.##.# ##...O## .. ##....# #...## ##..# #.# Turn 34503 on Orc:2: - smells like an ogre-town ##### ##.#.##### ##. ##.....#..##... #.#.#.......... ...#........... .....)......... ......@))....# .....)).)....# .........e....# .............## ..#..........# .#.#......#... ............. .#........ Turn 34949 on Orc:1: - what are you doing up here ##### ##.#.##### ##. ##.....#..##... #.#.#.......... ...#........... .....)......... ......@))....# .....)).e....# ...........e..# .............## ..#..........# .#.#......#... ............. .#........ Turn 34951 on Orc:1: - and carrying the staff around pays off! ##### ##.#.##### ##. ##.....#..##... #.#.#.......... ...#e.......... .....)§.§...... .....§@e)....# .....§§e)....# ..............# .............## ..#........e.# .#.#......#... ............. .#........ Turn 34957 on Orc:1: - uh ok getting out of hand ##### ##.#.##### ##. ##.....#..##... #.#.#.......... ...#........... .....))........ ......>[[....# .....)[)@....# ..............# .............## ..#..........# .#.#......#... ......e...... .#........ Turn 35181 on Orc:1: - now what kind of clown car sitch is this [[....##...............# )[....##...............# )......##..............# ......####.............# ).....#.#.....##>##....# ...#..........#...#...## ...)....).....#...#...# ..........#...#...#...# .........##.).#...#...# ........###...##.##...# .........#......@.....# ...####...............# ....# #...............# #..## ##........##....# ..## ###.#.#........# ...# ######.......# ..## #.......## ### #....#.## #.....## ##.#.## ##### Turn 35476 on Orc:1: - so just a bunch of elves hangin out #### #.#...#.....#..###...# ###≈ ...# #.#####....[#.......#####≈≈# ..)###.# #..).)'.........##≈≈≈≈ ...).'.# #....)#.........###≈≈≈ ...##### #.....#.........P♣.≈≈≈ ...# ############.............≈≈ #### #...##.........(.......♣... ###..................[....♣ ### #............##....)...## ##.###............###.).[..### ####...###...<..@...##...#....... #....#..##....[...###............ .........#..)....#####........... ........###..)[..##.##........... .........##.....##..#.#.......... .........###.[)#...#.######.....# .##.......###)[...####.##....#'## ##.........##.)...## ##....###[## #........).##.....## #.....##.## ##.#........#......# ###..###.## #####.......#.....# #.###..... Turn 37789 on Orc:2: - fire resistance no wonder... got to check these things # #..))##...........# ###...##.^.))##...### ##....#.....####### ##...##...).# ##...#...))## ##..##.....###### #...#......##...## #)..).....##.....## #...)....##...8...## #.8...8..)8)......8# ).).).)...)).._.@..# #.8..)8...8.......8# #.)......##...8...## #..)..))..##.....## #...#..)...##...## ##..##.....###### ##...#..)).## ##...##.....# ##....#.....####### ###...##....)##...### #...)##.)......)..# Turn 38740 on Orc:2: - not a book to be seen ...... #####' #.... #.### ### ###.# ##+##.# #>..# #≈.≈#.#### ##.##### #"..#.'..###......# ≈p≈#.##...#....... ###'##.####........# #..@...# ###..>...# ###'#### ####.### #.# #...# #.# ###<# #.# #.. #.# #######' #.. #....... #....... #....... #....... +....... Turn 39257 on D:10: - what can you be doing here ##.... #####' ...... ...... ...... ...?.. ...... ##### #####' #...# #.... #.∩.# #.### #.@.### ###.# ##'##.# #>..# #≈.≈#.#### ##.##### #"..#.'..###......# #≈.§#.##...#....... ###'##.####........# #..)...# ###..>...# ###'#### ####.### #.# #...# #.# ###<# #.# #.. Turn 39296 on D:10: - ah #... ##... #.... #### #.... ########.##########.... #.....©#.#............. #..##..#[#.##########.. #.#..#.#.#.# #... #.#..#.#.#.# #... #..##.(#©..# #... #©.)))@#...# #... #..##.!#©.## #... #.#..#.#.## ##.. #.#..#.#.# ### #..##..#.# #......#.# ########.# #### Turn 64268 on D:9: - nice mace o-bag +...8...# #."..... #.......# ##....... #.......#####.....# +##...#'##..##...# #.####'....##### #..# #.....<...# ##.###..........# ##...###.........# ##.....###........# ##.......###.......# #....@....###......# ...♣...♣!..##.....# ............ <...+ ..∩..8..∩... ........... ...♣...♣... Turn 73007 on Elf:3: - yay shops ##...).'## ### ##'...### # #.......#########.......# #...............'.......# # #..........######.......# # ##.....###..# #.......# # ##...## ##.# #....)..# # ##### #.## ###...### # #..# ##### #..# #≈≈# #@≈# #≈≈# #..# #^.# #..# # #..# # # Turn 74244 on Elf:3: - oh look an alarm #...####.....#####.#### ## #'####.........# ##'#.#### #.# #.?......)####.....# #.# #.........'..'.....# #.# #.........####.....# #.# #.........# ###.#'## ##'####'#.....'## ####.# ##...##.####.###.##### ##. ##...).'## ### ##'...### ## #.......#########.......# # #...........@...'.......# ## #..........######.......# #. ##.....###..# #.......# #. ##...## ##.# #....)..# #. ##### #.## ###...### ## #..# ##### # #..# #≈≈# #≈≈# #≈≈# #..# # Turn 74319 on Elf:3: - ok a little tighter than we would like #.# #.........'..'.....# #.# #.........####.....# #.# #.........# ###.#'# ##'####'#.....'## ####. ##...##.####.###.##### ## ##...).'## ### ##'...### # #.......#########.......# #...............'.......# # #..........######.......# # ##.....###..# #.......# # ##...## ##@# #....)..# # ##### #.## ###...### # #..# ##### #..# #≈≈# #≈≈# #≈≈# #..# #^.# #))# # #†)# # Turn 74646 on Elf:3: - oh for a condenser ##'####'#.....'## ####. ##...##.####.###.##### ## ##...).'## ### ##'...### # #.......#########.......# #...............'.......# # #..........######.......# # ##.....###..# #.......# # ##...## ##.# #....)..# # ##### #.## ###...### # #..# ##### #@.# #≈≈# #≈≈# #≈≈# #e.# #..# #))# # #†)# # #))# # #.)# ≈†)≈≈ Turn 74650 on Elf:3: - now that is a classic miskey -- q is also ambrosia ########### ########.........# .......#....8....# .......+..8...8..# .......#@........# ......)#○8..<..8.# ....).)o°........# ...))?°#..8...8..# .......#....8....# .......+.......(.# ################## #####'######## .(...o........ .....o........ Turn 86144 on Vaults:3: - aah the smiting ########### ########.........# .......#....8....# .......+..8...8..# .......#@........# ......)#°8..<..8.# ....).)o.........# ...))?)#..8...8..# .......#....8....# .......+.......(.# ################## #####'######## .(...o........ .....o........ Turn 86145 on Vaults:3: - ok its a problem #.§........ #############......... #..........##...R.... #......!...##....... #..........##...... #..........##.....# #..........##.....# #..........##...@.# #..........##.....# ######## #######'#####.....# ###......### #......# #.....###.)........## #......# #.....##....####....# #......# #.....##..### ###..# #......# #.....#...# .. #..)...# #.....'..## . #......# #.....#..# #......# #.....#..# #......# #.....#..# Turn 87089 on Vaults:3: - gettin crusty in here ................. ................. ................. ...(.....?....... ................. ########'######## #.....# #.#'#.# #.#[#.# #.#[#.############# #.#@#.'...........## #.#A#.#....#.#....#. #.#)#.#....[......#. ########.#'#.#...<#.#....#. #......#.#.#.#...........'. #......#.#'#.#...[#.#....#. #...)..#.#.#.#...........#. #....†[#.#.#.#....#.#....#. #......#.#.#.#...........## #......'.#)#.'....#.#....# #......#.#(#.#...........# Turn 89773 on Vaults:3: - its the shield ... ##.. .... ##... .#..##...### #........#.## ....J.......# ...J....... ...J.....## .JJJ...@..# .....#.......# .J. .........# . ..........## .......##....# ..##... .....# . ##.. .##.## ##. ## ## Turn 91112 on Slime:2: - I sure meant to use the stair ....##...... ##............#.. ##................ #................. ##................ #...#......#...... ##................ #................. ##.#......@....... ##..<..._........ #............#... #.............# . ##............... #.............<. #......>......... ##........<...... #.............. ............. Turn 92077 on Slime:3: - dangit .......<....# ............# ............... ............... ... ............... ... ............... ....... .. .........^..... ......#####.####............... .....##)##..##.##.............. ....##.).#.##.?.##............. ...##.|.##..##(|@##......J..... ..##(.."[.....)))[##........... ..##[.[........})[##.......^... ..###..."....)..[###........... ..####..........####.J......... ..#................#........... ....#............#............. ..####..........####........... ..###.[.|....}...###........... ..##)[.[.......:.(##........... ..##[[.=(.....:.))##.J......... Turn 95348 on Slime:5: - even enough #........ ####........ ............. #...........^ ####.#####........... #.......##.........)# .###.†.(†..##.........)# ...#.......##..........# ....†_...............# #.......#....ih.....# #..†....##...@i.....# .# #...†...#######.....# .# ####.#### #.....# .# #..# #.###.# .# #.## #.# #.# .# #.# #.# .# .# #.# #.# .. .# #.# #.# .#####(###########.# ...................# #################### Turn 101440 on Depths:4: - well this went sideways ....# ... #............ #............ #.........#.# #.........#.# #.........#.# #.........#)# #.........#.# #...@...#<# #.^.......# #.######### #)# ######### ####.###........ #............### . ##............... . #.#............#. #..#...#......## ## #...#..######## #. #....########### .###. Turn 101563 on Depths:4: - hey i thought i died this game ............# ............# ............# ∩#..........### ##............# ############.# ###†# #...# # #...##### ## ##...#...# ⌠## ##.)..'.@.# .∩# #.....#...# ⌠## #.######'## #########.#...#...# # #.......#.>.'...# #########...#...# ######### Turn 103737 on Depths:4: - i feel like i should be more invested in hilevel spells here... can just go in on ManAss .##...## #.....'......'....#... .###...## #.....########....#.#. ..###.)[# #.....# #......#. .>.###..# #.....# #....###. ...# #### #.....#########'###### ##'#########.....#............... #.........##.....#......#...#...# #.........##.....#....#..##.##... #.........##.....#..#.##...#..... #.........##.....'....A.......... #...^.....##....@################ #.........##.....########........ #...[.....##.....#......'....###. #.........##.....#...)..#...##.## ###)########.....#......#..##...# .................'......#.##..... .................#......#........ .................#......#.##..... .....?...........########..##.).# .................# #...##.## ####'############# #....###. Turn 106452 on Vaults:3: - here we go #......# #.....# #[.....# #.....# #......# #.....# #......# #.....# ########'#####.....# #............#.....# #............).....# #............#...... #............#...... #............'...... #..@.........#...... ###R###########...... #......# ####### #..>...# #......# #......# #......+ #......# ###'##### #...# ###...### Turn 107139 on Vaults:3: - perfect landing ...####'######...#...........#... .................#####...#####... .................#...##'##...#... .................#...........'... .................#...........#... .................#..<........#... .................#############... ...................[[............ ................................. ################'################ # ###########...@..# ########## # #.........#..>...# #..#..#..# # #.........#^.....# #..#..#..# # #.........'......# #..#..#..# # #.........#......# #.'#(.#'[# # #.........#......# ###[(..### # #.........#......# #..(.....# # #.........######## #....<...# # #.........# ###....### # #.........# #.'#..#'.# # ########### #..#..#..# Turn 107760 on Vaults:4: - I feel like another haste or two would be good .. #....#...#. ...#....#.... ...#....#... .....pp.... ##..pppp..##### ...p....p...... ..p..<<..p..... .pp.<..@.pp.... ..p..<<..p..... ##.p.[..p.##### ....pppp.... ...#.pp.#..## .. #....#.## . #....#.# #....#.. Turn 107766 on Vaults:5: - oh this shit again .. #....#...#. ...#....#.... ...#....#... ........... ##.....p..##### ....pppp....... ....ppppp...... ..pppp.@pp..... .....ppppp..... ##...[p...##### ......pp.... ...#....#..## .. #....#.## . #....#.# #....#.. Turn 107770 on Vaults:5: - maybe i should have done the immolation thing ############## ............. ........... #.......) .....Dc #...e# #....# #....# #...@# #....# #....# #....# #....# #....# #..)[# #...)# #...§# #..§§# #.§§§# Turn 107856 on Vaults:5: - ooh not good #...#...# #...# ####.###.#### #...# ##.#...#...#.###...# #........<....##...# #..#...#...#..##...# #.###.###.###.##...# #..#...#...#..##...# #........>....##...# ##.#...#...#.###...# ####.###.#### #...# #...#...# #@..# ##.....## #...# #####'#'########...# ...................# ...................# .##########........# .#........#........# .#........#........# .#........#........# .#........'........# .#........#........# Turn 108251 on Vaults:4: - ok that was not well prepared )...†........................# #..##.###.###.###.###.##..#..# #.###.# #.# #.# #.# #.###.#..# #.###.###.###.###.###.###.#..# #...........).............#..# #.###..######.######..###.# .# #.# #.##...........##.# #.# #.###.#..#########..#.###.# #.....# #.......##.#.....# #.###.# .....[...#)#.###.# #.# #.# .:.[}}.@.).#.# # #.###.# ...([[...#)#)###.# #.....# #.[.....##.#.....# #.###.# #########..#)###.# #.# #.## ... .##.# # #.###..######.######..###.# #.........QD....^.........# #.###.###.###.###.###.###.# #)###.# #.# #.# #.# #.# #..##.###(###.###.###.##.. ....(.........L........... Turn 111563 on Vaults:5: - oh i see shatter ############ #..........# #..........# #..........# #..........# #........V.# #@# #.# #.# #.# #.# #.# #.# #.# #.# ##.# #..# Turn 113111 on Crypt:1: - ok you make a little more sense .... ###''### ##≈≈..≈≈## ##≈≈≈..≈≈≈## #≈≈≈≈..≈≈≈≈# # #≈≈≈≈..≈≈≈≈# ### #≈≈≈≈..≈≈≈≈# ## ≈≈### #≈≈≈≈@.≈≈≈≈# ###≈ ≈≈≈≈#### #≈≈≈≈..≈≈≈≈# ####≈≈≈ ≈≈≈≈≈≈≈#####≈≈≈≈..≈≈≈≈#####≈≈≈≈≈≈ ≈≈≈≈≈≈≈≈≈≈##≈≈≈≈..≈≈≈≈##≈≈≈≈≈≈≈≈≈ ≈≈≈≈≈≈≈≈≈≈≈≈≈≈≈≈..≈≈≈≈≈≈≈≈≈≈≈≈≈≈≈ ≈≈≈≈≈≈≈≈≈≈≈≈≈≈≈≈..≈≈≈≈≈≈≈≈≈≈≈≈≈≈≈ ≈≈≈≈≈≈≈≈≈≈≈≈≈≈≈≈..≈≈≈≈≈≈≈≈≈≈≈≈≈≈≈ ≈≈≈≈≈≈≈≈≈≈≈≈≈≈≈≈..≈≈≈≈≈≈≈≈≈≈≈≈≈≈≈ ≈≈≈≈≈≈≈≈≈≈≈≈≈≈≈≈..≈≈≈≈≈≈≈≈≈≈≈≈≈≈≈ ≈≈≈≈≈≈≈≈≈≈≈≈≈≈≈≈..≈≈≈≈≈≈≈≈≈≈≈≈≈≈≈ ≈≈≈≈≈≈≈≈≈≈≈≈≈≈≈.)..≈≈≈≈≈≈≈≈≈≈≈≈≈≈ Turn 115121 on Crypt:3: - this is hardly going to get me to earth 20

#################################
≈≈≈≈≈≈≈≈≈≈≈≈≈≈≈≈≈≈≈≈≈≈≈≈≈≈≈≈≈≈≈≈≈
≈≈≈≈≈≈≈≈≈≈≈≈≈≈≈≈≈≈≈≈≈≈≈≈≈≈≈≈≈≈≈≈≈
≈≈≈≈≈≈≈≈≈≈≈≈≈≈≈≈≈≈≈≈≈≈≈≈≈≈≈≈≈≈≈≈≈
###########################≈≈≈≈≈≈
..........................#≈≈≈≈≈≈
.........########.........#≈≈≈≈≈≈
.........#}?|[)[#.........#≈≈≈≈≈≈
......##'##....##'##......#+#####
......#...##''##...#......#......
.....####[#....#@####.....#......
........###....###........'......
..........#....#..........#.)....
...###....##''##....###...#......
#....##.###⌠..⌠###.##....###'#)..
##....###........###....##..)####
.##....#.⌠..._..⌠.#....####.....'
.###...##........##...###.'.....#
.#.##...###⌠..⌠###...##.###.....'
##..##....##..##....##..#.'.....#
.#...##............##...###.....'


Turn 116911 on Crypt:3: - goodness maybe shatter is out of the impossible zone
############## #[[[[[[+.#...# #[▓▓▓▓▓▓.#.∩.# #[▓....@.'...# #[▓......'...#
#[▓▓▓▓▓▓.#.∩.# #[[[[[[+.#...# ############## Turn 117376 on Trove: - armour out
the ears just what i need #####8#####.#.# #### #.#.#### #.####.#....##
#......#.##..# #####.######.# #.# #.# ##.## #.# #######...#####.#
#.......∩..[.[..# #.#####.[.####### #.# ##@## #.# #.# #.#### #.#### #.##.#
#.##.# #....###.##.# ####........# ########.# #.# ### Turn 117639 on D:13: -
interesting buckler though I dont see really using it... star makes me want the
tomb ..#≈^...≈# ..#^....^# .^#^.....# ..^.^..^## ^.....^^# ###### ^#....^##
##....# .#≈....# #^..#.## ^#^...^# #..##^.### ^#...≈.# ##..#..#..# ##≈...##
#........^## #.....# #..#.#.@..^### #.....# #...#.....##.## #.....#
#...#.....#..^# #...≈## ##..##...###..## #...≈# #..##....^....# #≈^..#
#..#.<...##..## ...^^# ##......###...# ....^###..^.....#...#####
......^#..#####^#....#..## ..............#^#..#.....#
..#..#.........^#......#### Turn 118122 on Spider:4: - sandblast my favorite...
little earlier would have been nice ......#...[)?...#...............#
......#.#8...8#.#...############# ......#.........#...#...........#
......#.#8...8#.#...#...........' ......#.....)...#...#...........#
......####)''####[..#...##'##...# ......#..)))....#...#####...#####
......#...))....#...#...........# ......####'######...#...........#
....................#####...##### ................@...#...##'##...#
....................#...........' ............W.......#...........#
..........H.........#..<........# ....................#############
......................[[......... .................................
...################'############# ...# ###########......# ####### ...#
#.........#..>...# #..#..# ...# #.........#^.....# #..#..# Turn 120180 on
Vaults:4: - damn whats been happening here #...................#.......
#...................######## #...........................
#......###########.......... #......#8#######8#..........
#......#..:#_#[..#.......... #......#...[)....#..........
#......#.#8...8#.#...####### #......#.........#...#......
#......#.#8...8#.#...#...... #......#...@.[...#...#......
#......####[''####[..#...##' #......#..([[....#...#####..
#......#...[[....#...#...... #......####'######...#......
#....................#####.. #....................#...##'
#....................#...... #....................#......
#....................#..<.W. #....................####### Turn 120372 on
Vaults:4: - all pretty lame anyway what was i thinking ##≈≈...≈≈.####.#
#####8#####.#.# #### #.#.#### #.####.#....## #......#.##..# #####.######.# #.#
#.# ##.## #.# #######...#####.# #.......∩..[.[..# #.#####.@.####### #.# ##.##
#.# #.# #.#### #.#### #.##.# #.##.# #....###.##.# ####........# ########.# #.#
### Turn 120589 on D:13: - i guess this calls for horrible abyss ## #.#.# ♣
##..# . ##..## . ##.# .# .## ### ### ##.## . X .# # ..###.## ## # . ## ##.#.####
# # . ##.##.#'## .... #.....####..## # .... #..@..∩#.'...# +... ...#.....####
.## # ..# #'#.### ## ##.#### ##'.... # # . # # .. # # Turn 122820 on Abyss:2: -
i dont need out i need down! # ..... . . . # ###.......... .. . =.## #.#......
.. ....###..#... #.. . # . ..#... .# ##.# # . ##..∩.#. ?.# #..#†## .#.# # G
##.#..X.## .###. #....#ΛX....##.# # ...##.│.X...##..#.... . #.│..Z..1@...#
#.?─w....###.# ##.#####.# ## ### Turn 123101 on Abyss:3: - you get all wrapped
up in a thing and dont notice whos actually kickin your ass ≈≈≈≈≈≈≈. ≈≈≈≈≈≈###
.≈≈≈≈≈..# .≈≈≈≈#.# ###≈≈≈≈.. ...≈≈≈#.# #..≈≈..# #@# .........≈.....
.#.#....#.#.### #..####.. #.. #.# .#. .# ..# # .. Turn 123931 on Abyss:3: -
goodness i do hate abyss . . . # .. . # . # § ## # .....# .. .#. ### #.. .. .
#.#. . . †... # ... .#.. #.... . # ##. ## ## .#. .. ..4.. ..##... ... #. #
#.....##.. ## # #..#.#.#.#....##.# . ##.#. .... ##..@# #.#...# #..##..##.# . .
...## .#...#.### #...# .##.#.#..# .#.. ....#.....# . . #.# #.#.#.#$# # #
.#.#...#.. # .#.#.##....##. ##.# . .##..# # #.. # ... #... #.. Turn 124935 on
Abyss:4: - well i got the drain off anyway ..##...........,,,**,,******+**,,
..##.##.#######,****,,,,,,,,,,+,, ..##....# *,* *,,*****,,**,, ..'..##.#
*,****,,* *,,**** ..#####.# *,,,,,,,* *,,* ..# #.# *,*,***.# *,,*
..#***#.#******,*,**#.#****,,* ..#,,,...,,,,,,,,,,,.....,,,,*
..#.***,****#####+###.#.#***+*** ..'.#**,****#......##.#.#,,,,,,*
..#...,,,,,,+...@..##.#.#,,,,,,* ..####***,**#......##.#.+,,,,,,* ..#
***#.###......+....#,,,,,,* ..###*,,....'......##.#.#,,,,,,*
..#..,,,,.###......##...#,,,,,,* ..'..,,**** #......####.#,,,,,,* ..#.#*,*
#...)....##.#*+**+** ..#.#*,*****#.)))....##.#*,**,*
**#.#*,,,,,,+........##.##.##.*** ###'#########........+^....qqd.,*
##...................#..##.##q.,* Turn 128223 on Zot:1: - gotta watch out for
poison *,,,**,,,**,,*#..#....########. *,,,*******,,*#..###........... *,,,,*
*,,*#....#........... *,,,,* #####....+........... *,,,** #..###'###.........##
*,,,******#..#...........##### *,,,,,,,,,#..'...........# *
*,,,,,<,,,#..#...........# ** *,,,**,,,*#..#..........##*****
*,,,**,,,*####..........#,,,,,* *,,,,,,,,,#..[@.........#,,,,,*
*,,,,,,,,,+..#..........#,,,,,* *,,,**,,,,#..#.(....##..#.,,,,*
******,,,,#..#......#,.©#©,,,,, *,,,******####......#,,,*,,,,,*
*,,,**,,,*,,,.......#,,**,,,,,* *,,,*,,,,*,,,.......+,,**,,,,,*
*,,,+,,,,+,,,.......#,,**,,,,,* *,,,*,,,,*,,,,,,,,,,**,********
*,,***,***,,,^**+*****,**,,,,** *,,***,*,,,,,,*,,,,,,,,,*,,,,** Turn 131344 on
Zot:3: - simultaneous 12-skill and +18 #### ############ ...#######..........#
....................# #########....)#.....# # *#.....#.....#
#####**#.....##.....# ........###..##...q.# ....######...##.@...#
...........#####'####* ...........#≈≈≈≈[§≈≈≈* ......##...#≈≈≈≈§§≈≈≈*
...........#≈≈≈§§≈≈≈≈* ...........#≈§≈###§§§* .......#...#§§d#*#§≈≈*
##.........#§d§#*#≈≈≈* #......#...#≈≈≈≈≈≈≈≈≈* ......⌠#...#≈≈≈≈≈≈≈≈≈*
.......#...#≈≈≈≈≈≈≈≈≈* Turn 134103 on Zot:4: - hey the sauna! .:.##....##
##....##..... ....###...###########...###......
.....###...............###....... .....# ##.............## #..^.... .....#
#.............# #......^ .....# ##...........## #..^.... .....# #...........#
#....... .....# ##.^.......^.## #....... ....## #.............# ##...... ...##
##.....^.....^.## ##..... ..## #........@......# ##^... ###▓▓▓▓########.########
▓##### ........#...##..# #.#######..... ........#.#....## #.....:...####
........#.#.#### #....####..... ........'...# #.##.# #####. ........#.###
####'##.# ######' #.....###[## #.....#.###...... #.....'[...#
###.....+..##...... #.....###[.####.#.....#..##......
#..⌠..##....<...#.....#..##...... Turn 135483 on Zot:5: - that was a little
closer than necessary ##≈≈...≈≈.####.# #####8#####.#.# #### #.#.####
#.####.#....## #......#.##..# #####.######.# #.# #.# ##.## #.# #######...#####.#
#.......∩..[.[..# #.#####.@.####### #.# ##.## #.# #.# #.#### #.#### #.##.#
#.##.# #....###.##.# ####........# ########.# #.# ### Turn 136235 on D:13: -
hmmm

Levels and vault maps discovered:
D:1:      minmay_arrival_shattered_statue, layout_rooms, serial_shops, shop,
          shapermc_ecumenical_altar_mp_vishouse
D:2:      layout_basic, serial_shops, shop, shop, shop, uniq_jessica
D:3:      layout_basic, lightli_sewer_entry_pipes
D:4:      layout_basic, enter_ossuary_3, minmay_diced_spiral, uniq_grinder,
          uniq_edmund, uniq_natasha
D:5:      layout_loops_cross, hangedman_glass_teeth,
          minmay_hollow_rounded_squares
D:6:      layout_rooms, lemuel_coloured_pillars_altar, uniq_maggie
D:7:      layout_basic, minmay_temple_entry_junction_2, kb_lookout_dungeons_type
D:8:      layout_loops_ring, grunt_lair_entry_orc_guard_hut
D:9:      layout_gridville, mainiacjoe_overflow_tiny_flanked,
          gammafunk_temple_overflow_wave, orc_0_dummy, gammafunk_ghost_smash
D:10:     layout_roguey, enter_trove_5, uniq_nergalle
D:11:     layout_irregular_city, portal_ice_cave_entry_imps,
          nicolae_ru_sacrificial_ziggurat
D:12:     layout_irregular_city
D:13:     cheibrodos_breeding_chamber, layout_basic, erik_vaults_2,
          minmay_joined_circles
D:14:     layout_loops_corners, minmay_misc_feat_four_crosses, serial_rivers,
          chequers_serial_rivers_small_b, chequers_serial_rivers_marsh,
          chequers_serial_rivers_micro_e, chequers_serial_rivers_room_a,
          chequers_serial_rivers_small_b, drop_trap
D:15:     hangedman_depths_entry_try_elsewhere_first, layout_cross,
          grunt_qazlal_clouds, nicolae_gozag_cash_rules_everything_around_me,
          uniq_jorgrun, uniq_nessos
Lair:1:   layout_small_grid
Lair:2:   layout_long_grid, basic_altar, infiniplex_staircase_pool_2, uniq_erica
Lair:3:   layout_gridlike, minmay_swamp_entry_worms, gammafunk_lair_bear_cave,
          uniq_sonja
Lair:4:   layout_hall_layers, dummy_spider_entry, kennysheep_snail_temple
Lair:5:   layout_roguey, minmay_slime_entry_pillars, st_stairs_6,
          grunt_megastairs_4
Lair:6:   due_jungle_book, layout_cave_pods, nicolae_quartered_pool_little,
          minivault_27
Swamp:1:  layout_falls_marsh, evilmike_swamp_ruin_house_5
Swamp:2:  layout_falls_marsh, evilmike_swamp_ruin_rubble_1
Swamp:3:  layout_basic_swamp, nicolae_swamp_stair_fork, uniq_louise, uniq_kirke
Swamp:4:  swamp_old_school, layout_basic_swamp, swamp_pool2,
          nicolae_swamp_some_circles, uniq_bai_suzhen
Spider:1: layout_chambers
Spider:2: layout_spider_delve, nicolae_spider_webbed_stairs
Spider:3: nicolae_spider_hilbert_zone_1 [nicolae_spider_hilbert_4_sides_1_open,
          nicolae_spider_hilbert_4_sides_1_open,
          nicolae_spider_hilbert_4_sides_1_open,
          nicolae_spider_hilbert_4_sides_1_open,
          nicolae_spider_hilbert_3_sides_1_open,
          nicolae_spider_hilbert_3_sides_1_open,
          nicolae_spider_hilbert_3_sides_1_open,
          nicolae_spider_hilbert_3_sides_1_open,
          nicolae_spider_hilbert_3_sides_1_open,
          nicolae_spider_hilbert_6_sides_1_open,
          nicolae_spider_hilbert_6_sides_1_open,
          nicolae_spider_hilbert_3_sides_1_open,
          nicolae_spider_hilbert_3_sides_1_open,
          nicolae_spider_hilbert_3_sides_1_open,
          nicolae_spider_hilbert_3_sides_1_open,
          nicolae_spider_hilbert_2_sides_1_open], gammafunk_ghost_cemetery,
          drop_trap, uniq_arachne
Spider:4: grunt_spider_rune_parallel, nicolae_spider_baby_got_redback,
          uniq_aizul, uniq_roxanne
Slime:1:  layout_caves
Slime:2:  layout_caves, basic_altar, nicolae_slime_phagocytosis
Slime:3:  layout_caves, basic_altar
Slime:4:  layout_caves, cheibrodos_slime_lost_civilization_6
Slime:5
Orc:1:    layout_caves, elves_outpost_lemuel
Orc:2:    pubby_orc_utopia
Elf:1:    minmay_elf_arrival_circle, layout_loops_corners, basic_altar,
          hangedman_elf_disciples, hangedman_elf_power_crystal,
          minmay_misc_feat_five, minivault_23, serial_sigils_hangedman_gnaw,
          nicolae_elf_glassroom_feature
Elf:2:    elven_hall_of_blades_hangedman_alternative
          [nicolae_blade_little_rooms], layout_onion_city, uniq_agnes
Elf:3:    elf_hall_gauntlet_wide, layout_geoelf_octagon, minmay_shoptagon
Vaults:1: ontoclasm_vaults_twist, vaults_mumra_hexcomb, v_alt_pattern_4,
          nicolae_vaults_inception_network, nicolae_vaults_what_the_h,
          nicolae_vaults_back_hallway, v_misc_11, v_misc_30, v_rooms_4,
          v_misc_23, grunt_vaults_twisty, vaults_room_pools,
          nicolae_vaults_little_squares_4, nicolae_vaults_specimen_jars,
          layout_vaults_omnibox, portal_desolation_entry_garden
Vaults:2: nicolae_vaults_circle_grid_a, minmay_crypt_entry_simple_walls,
          grunt_vaults_swirl, hangedman_vaults_hat, st_squares,
          hangedman_vaults_maws, vaults_room_hallway, v_misc_27,
          nicolae_vaults_diagonal_hallway_6, layout_vaults_omnicross
Vaults:3: nicolae_vaults_little_ls, ontoclasm_vaults_ring_large, st_check,
          nicolae_vaults_three_branches, nicolae_vaults_border_crossing,
          hangedman_vaults_slice, ontoclasm_vaults_tryst,
          nicolae_vaults_gold_heap, ontoclasm_vaults_misaligned,
          vaults_standard_mumra_enter_the_diamond, v_alt_pattern_6,
          vaults_room_pools, v_misc_22, nicolae_vaults_ring_of_whatevers,
          grunt_vaults_hallway_short, layout_vaults_ring, uniq_mara,
          uniq_mennas, uniq_saint_roka
Vaults:4: gammafunk_vaults_ghost_fury_of_okawaru,
          nicolae_vaults_ring_of_whatevers, hangedman_vaults_slice, v_misc_29,
          hangedman_vaults_maws, nicolae_vaults_big_ls, v_alt_pattern_1,
          vaults_dpeg_hooks, nicolae_vaults_circle_grid_b,
          nicolae_vaults_little_squares_3, nicolae_vaults_mini_display_case,
          v_misc_27, vaults_dpeg_diagonal, layout_vaults_quadrants
Vaults:5: uniq_boris
Crypt:1:  layout_rooms, grunt_megastairs_5, grunt_crypt_arrival_webbed,
          uniq_jory, uniq_xtahua, uniq_sojobo
Crypt:2:  minmay_shadows, layout_chaotic_city, st_stairs_13,
          roderic_lattice_octagonal_star
Crypt:3:  cryptofortress_bobbens
Depths:1: layout_long_grid, nicolae_sif_muna_condensation, hellmouth_1,
          kennysheep_cluttered_room, minmay_misc_feat_nine_boxes,
          minmay_misc_feat_pillars, lemuel_flamethrower_3
Depths:2: kennysheep_ogre_elephant_herders, layout_cave_pools, pf_coc_iceberg,
          okawaru_gym_becter
Depths:3: hangedman_crystal_crosses_colossus [crystal_crosses_arms_four,
          crystal_crosses_arms_two, crystal_crosses_arms_two,
          crystal_crosses_arms_one], abyss_entry, hell_entry, pan_entry
Depths:4: minmay_the_grid_4x2 [minmay_the_grid_minigrid_small_alt,
          minmay_the_grid_all_tris, minmay_the_grid_stretched_grid,
          minmay_the_grid_diamond_grid, minmay_the_grid_gridbox,
          minmay_the_grid_armoury, minmay_the_grid_expand,
          minmay_the_grid_prize_shrinking_boxes], layout_basic,
          enter_ziggurat_b, hell_entry,
          nicolae_uskayaw_murder_on_the_dancefloor, abyss_entry_crystal,
          hangedman_decor_slide_cut, minmay_staircase_windowed_small
Depths:5: evilmike_zot_entry_argh, layout_gridlike, pf_dread_powers_of_hell,
          nicolae_yredelemnul_ghost_church
Zot:1:    layout_gridlike
Zot:2:    layout_misc_corridors
Zot:3:    gammafunk_dig_for_victory, layout_gridville, lemuel_baited_zot_trap
Zot:4:    layout_onion_interference, nrook_zot_tub, grunt_megastairs_2
Zot:5:    layout_gridlike, gammafunk_ghost_split

Skill      XL: |  1  2  3  4  5  6  7  8  9 10 11 12 13 14 15 16 17 18 19 20 21 22 23 24 25 26 27 |
---------------+----------------------------------------------------------------------------------+-----
Conjurations   | 1 2 3 4 5 6 8 9 10 12 | 12.0
Fire Magic     | 3 4 5 6 8 9 10 12 15 | 15.0
Spellcasting   | 3 6 7 10 11 12 15 | 15.0
Fighting       | 2 6 9 11 14 15 16 18 19 20 | 20.7
Short Blades   | 1 3 |  3.0
Dodging        | 6 7 9 10 | 10.1
Shields        | 6 7 10 12 15 | 15.0
Armour         | 5 6 8 12 15 | 15.0
Maces & Flails | 7 11 12 14 15 | 15.4
Axes           | 6 7 |  7.5
Necromancy     | 6 7 9 12 | 12.0
Evocations     | 4 6 9 |  9.0
Earth Magic    | 7 10 12 16 20 22 | 22.0
Translocations | 3 5 10 12 | 12.0
Polearms       | 7 11 | 11.1
Stealth        | |  1.7

Action                   |  1- 3 |  4- 6 |  7- 9 | 10-12 | 13-15 | 16-18 | 19-21 | 22-24 | 25-27 || total
-------------------------+-------+-------+-------+-------+-------+-------+-------+-------+-------++-------
Melee: Short sword       |    11 |    34 |   164 |   355 |   703 |       |       |       |       ||  1267
       Mace              |       |       |       |       |    37 |       |       |       |       ||    37
       Staff             |       |       |       |       |    51 |       |       |       |       ||    51
       Broad axe         |       |       |       |       |   176 |   788 |    90 |     6 |       ||  1060
       Eveningstar       |       |       |       |       |       |   406 |  1273 |  1036 |  1818 ||  4533
       Lance             |       |       |       |       |       |       |       |       |   423 ||   423
 Fire: Hunting sling     |       |    12 |       |       |    17 |       |       |       |       ||    29
Throw: Stone             |     3 |       |       |     8 |    13 |       |       |       |       ||    24
       Dart              |       |       |       |       |     6 |       |     4 |     1 |     5 ||    16
 Cast: Foxfire           |    65 |   144 |   185 |   113 |    33 |   128 |     3 |    15 |       ||   686
       Conjure Flame     |       |     4 |    26 |    53 |   108 |    10 |     3 |     1 |       ||   205
       Sticky Flame      |       |       |    21 |   126 |   262 |   137 |     8 |     2 |     1 ||   557
       Fireball          |       |       |       |    27 |   225 |   142 |   106 |    57 |    53 ||   610
       Bolt of Magma     |       |       |       |       |       |   137 |   116 |   147 |   167 ||   567
       Mephitic Cloud    |       |       |       |       |       |    19 |    15 |     2 |       ||    36
       Blink             |       |       |       |       |       |       |    14 |     7 |    32 ||    53
       Borgnjor's Vile C |       |       |       |       |       |       |       |    46 |    84 ||   130
       Manifold Assault  |       |       |       |       |       |       |       |    23 |    25 ||    48
       Iron Shot         |       |       |       |       |       |       |       |       |    67 ||    67
       Shatter           |       |       |       |       |       |       |       |       |     9 ||     9
Evoke: Wand              |       |       |       |     3 |    21 |    10 |     9 |    55 |    19 ||   117
       Lightning rod     |       |       |       |       |       |       |     4 |       |       ||     4
       Box of beasts     |       |       |       |       |       |       |     1 |       |     1 ||     2
       Phantom mirror    |       |       |       |       |       |       |       |     1 |       ||     1
       Condenser vane    |       |       |       |       |       |       |       |     1 |       ||     1
  Use: Scroll            |       |     2 |     7 |     8 |    18 |    16 |    12 |    12 |    20 ||    95
       Potion            |       |     2 |       |     5 |     6 |     9 |    18 |    14 |    14 ||    68
 Stab: Sleeping          |       |     1 |     3 |       |       |     1 |       |       |     3 ||     8
       Paralysed         |       |       |       |     1 |       |     4 |     2 |     4 |     2 ||    13
       Confused          |       |       |       |       |       |    33 |     7 |       |       ||    40
       Distracted        |       |       |       |       |       |       |     1 |     2 |     2 ||     5
Armor: Robe              |     5 |    17 |   169 |   251 |   574 |   612 |    29 |       |       ||  1657
       Ring mail         |       |       |       |       |       |       |   174 |       |       ||   174
       Quicksilver drago |       |       |       |       |       |       |   324 |   354 |   902 ||  1580
Dodge: Dodged            |    21 |    87 |   229 |   361 |   805 |  1048 |   677 |   428 |  1230 ||  4886
Block: Buckler           |       |       |       |       |   439 |   603 |   565 |   430 |  1149 ||  3186
       Reflection        |       |       |       |       |       |       |    47 |    60 |   107 ||   214
